 Dungeon Crawl Stone Soup version 0.29.0-4-gdea44cf6ec (webtiles) character file.

Game seed: 2246200387282559575

454075 qw the Slayer (level 24, -28/171 HPs)
             Began as a Gargoyle Fighter on Sept 6, 2022.
             Was an Elder of Okawaru.
             Killed from afar by an ancient lich (51 damage)
             ... with a crystal spear
             ... on level 4 of the Vaults.
             The game lasted 00:26:21 (55724 turns).

qw the Slayer (Gargoyle Fighter)                   Turns: 55724, Time: 00:26:21

Health: -28/171    AC: 68    Str: 41    XL:     24   Next: 35%
Magic:  30/30      EV: 18    Int: 12    God:    Okawaru [****..]
Gold:   2289       SH: 24    Dex: 13    Spells: 23/23 levels left

rFire   + + .      SeeInvis +   y - +10 war axe of the Pariah {drain, *Noise rElec rN++ Str+4}
rCold   + . .      Faith    .   E - +0 tower shield
rNeg    + + +      Spirit   .   K - +2 gold dragon scales
rPois   inf        Reflect  .   I - +1 helmet "Len Laof" {rF+ Int+2 Dex+4}
rElec   +          Harm     .   D - +1 cloak of Starlight {*Dazzle EV+4 Stlth--}
rCorr   .          Rampage  .   p - +0 pair of gloves
Will    +....                   m - +2 pair of boots
Stlth   ..........              J - amulet "Kaefaz" {+Inv Regen+ SInv Stlth-}
HPRegen 1.18/turn               r - +4 ring of protection
MPRegen 0.22/turn               g - ring of Siush {rN+ AC+4 Str+8}

@: about to teleport, heroic, flying
A: sickness immunity, AC +18, big wings, negative energy resistance 1,
electricity resistance, torment resistance 1, petrification resistance,
deterioration 1, dopey 1, subdued magic 1
}: 2/15 runes: barnacled, gossamer
a: Renounce Religion, Evoke Invisibility, Heroism, Finesse


You were on level 4 of the Vaults.
You worshipped Okawaru.
Okawaru was greatly pleased with you.
You visited 8 branches of the dungeon, and saw 40 of its levels.
You visited the Abyss 2 times.

You collected 4403 gold pieces.
You spent 2114 gold pieces at shops.


Innate Abilities, Weirdness & Mutations

You are immune to sickness and miasma.
Your stone body is resilient. (AC +18)
You are immune to poison.
Your large and strong wings let you fly.
You resist negative energy. (rN+)
You are resistant to electric shocks. (rElec)
You are resistant to unholy torment.
You are immune to petrification.
Your body sometimes deteriorates upon taking damage.
You are dopey. (Int -2)
Your spells are a little easier to cast, but a little less powerful.


   Skills:
 - Level 23.0(27) Fighting
 - Level 16.0(21.0) Axes
 - Level 13.0(18.0) Throwing
 - Level 22.0(27) Armour
 - Level 9.0(14.0) Dodging
 + Level 21.8(26.8) Shields
 - Level 10.0 Invocations


You had 23 spell levels left.
You didn't know any spells.
Your spell library was empty.

Inventory:

Hand Weapons
 y - the +10 war axe of the Pariah (weapon) {drain, *Noise rElec rN++ Str+4}
   (Okawaru gifted it to you on level 5 of the Lair of Beasts)

   A truly terrible weapon, it drains the life of any living foe it strikes.
   Str:       It affects your strength (+4).
   rElec:     It insulates you from electricity.
   rN:        It greatly protects you from negative energy.
   *Noise:    It may make noises in combat.
 N - a +5 broad axe
Missiles
 n - 39 boomerangs
 C - 16 javelins
 G - 5 silver javelins (quivered)
Armour
 b - the -2 pair of gloves of Duty {*Slow rPois rF+ rC+}
   (You acquired it on level 2 of the Dungeon)

   rF:        It protects you from fire.
   rC:        It protects you from cold.
   rPois:     It protects you from poison.
   *Slow:     It may slow you when you take damage.
 j - the +3 hat of Pondering {ponderous, Will+ MP+10 Int+5}
   (You took it off Gastronok on level 2 of the Lair of Beasts)

   Int:       It affects your intelligence (+5).
   MP:        It affects your magic capacity (+10).
   Will:      It increases your willpower.
 k - a scarf of resistance
 m - a +2 pair of boots (worn)
 p - a +0 pair of gloves (worn)
 D - the +1 cloak of Starlight (worn) {*Dazzle EV+4 Stlth--}
   (You found it on level 9 of the Dungeon)

   It may blind those who miss an attack against the wearer in melee combat.
   EV:        It affects your evasion (+4).
   Stlth:     It makes you much less stealthy.
 E - a +0 tower shield (worn)
 I - the +1 helmet "Len Laof" (worn) {rF+ Int+2 Dex+4}
   (You found it on level 2 of the Depths)

   Int:       It affects your intelligence (+2).
   Dex:       It affects your dexterity (+4).
   rF:        It protects you from fire.
 K - +2 gold dragon scales (worn)
Jewellery
 g - the ring of Siush (right hand) {rN+ AC+4 Str+8}
   (You found it on level 6 of the Dungeon)

   [ring of protection]

   AC:        It affects your AC (+4).
   Str:       It affects your strength (+8).
   rN:        It protects you from negative energy.
 r - a +4 ring of protection (left hand)
 J - the amulet "Kaefaz" (around neck) {+Inv Regen+ SInv Stlth-}
   (You found it on level 3 of the Depths)

   [amulet of regeneration]

   SInv:      It lets you see invisible.
   +Inv:      It lets you turn invisible.
   Regen:     It increases your rate of health regeneration.
   Stlth:     It makes you less stealthy.
Scrolls
 a - 9 scrolls of blinking
 c - 6 scrolls of fog
 l - 4 scrolls of enchant weapon
 o - 30 scrolls of identify
 B - 7 scrolls of teleportation
Potions
 d - 7 potions of might
 e - 5 potions of lignification
 h - 6 potions of attraction
 i - 5 potions of mutation
 q - 3 potions of magic
 s - 6 potions of cancellation
 u - 6 potions of haste
 v - 3 potions of heal wounds
 w - 17 potions of curing
 z - 5 potions of resistance

Dungeon Overview and Level Annotations

Branches:
Dungeon (15/15)            Temple (1/1) D:4            Lair (5/5) D:8
 Shoals (4/4) Lair:3       Spider (4/4) Lair:3        Slime (0/5) Lair:4
    Orc (2/2) D:10            Elf (0/3) Orc:2        Vaults (5/5) D:14
  Crypt (0/3) Vaults:2     Depths (4/4) D:15            Zot (0/5) Depths:4

Altars:
Ashenzari
Cheibriados
Dithmenos
Gozag
Kikubaaqudgha
Nemelex Xobeh
Okawaru
Qazlal
Ru
Uskayaw
Vehumet
Wu Jian
Xom
Zin
The Shining One
Jiyva

Shops:
D:1 ?   D:2 *!?   D:8 (   D:10 =   Orc:2 **!(*[!!   Shoals:1 :   Shoals:2 :
Shoals:3 ?   Vaults:2 (*

Portals:
Hell: Depths:1 Depths:2 Depths:3 Depths:4
Abyss: Depths:2 Depths:3
Pandemonium: Depths:1 Depths:2 Depths:3
Ziggurat: Depths:3

Annotations:
D:1 1 runed translucent door
D:7 1 runed translucent door, Crazy Yiuf
D:15 36 runed doors
Lair:1 1 runed translucent door
Shoals:4 2 transporters, qw's ghost, journeyman MiFi
Spider:3 1 runed translucent door, qw's ghost, adept MiBe
Vaults:1 36 runed doors
Depths:4 6 runed translucent doors


Message History

The ancient lich seems to speed up.
You block the vault guard's attack.
The yaktaur captain drinks a potion.
The yaktaur captain flickers and vanishes for a moment.
The yaktaur shoots a bolt.
The bolt hits you but does no damage.
The vault warden shoots a bolt.
You block the bolt.
The quicksilver dragon barely misses you.
The quicksilver dragon's vision is obscured by starry radiance!
The quicksilver dragon claws you but does no damage.
The tengu reaver misses you. The tengu reaver closely misses you.
The tengu reaver claws you but does no damage.
You fly upwards.
There is a stone staircase leading down here.
You slash the ancient lich!
The ancient lich is lightly damaged.
You closely miss the tengu reaver. You barely miss the quicksilver dragon.
The ancient lich touches you but does no damage.
You block the quicksilver dragon's attack. x2
You barely miss the ancient lich.
The ancient lich is lightly damaged.
You hit the tengu reaver. You drain the tengu reaver.
You strike the helpless quicksilver dragon from behind!
You slice the quicksilver dragon!! You block the tengu reaver's attack.
The tengu reaver pecks you but does no damage.
The tengu reaver misses you.
You block the quicksilver dragon's attack.
The quicksilver dragon claws you but does no damage.
The ancient lich gestures at you while chanting.
The crystal spear hits you!!!!
Ouch! That really hurt!
55724 ||| READING 8 scrolls of teleportation.
As you read the scroll of teleportation, it crumbles to dust.
You feel strangely unstable.
The quicksilver dragon barely misses you.
The quicksilver dragon claws you but does no damage.
You block the tengu reaver's attack. x2
The tengu reaver claws you but does no damage.
The ancient lich points at you and mumbles some strange words.
The crystal spear hits you!!!
You die...

..........#########.......'..###.
..........................#..# #)
.#########................'..###.
.#.......#...#########....##..#..
.#.......#...#.......#....##.....
.#.......'...#.!.....#....##.....
.#.......#...#.......#....#######
.#.......#...#.D.....#....#
.#.......#...#..@L...#....#
[#.......#...#...Q...#....#
.#########...#.......#....#
[)...........#.......#....#
.............######'##....#
..........................#
.....................[....#
.....................[[...#
#######+#'###########'###########


You could see an ancient lich (invisible), a quicksilver dragon (blind) and a
tengu reaver (drained).

Vanquished Creatures
  3 juggernauts
  Bai Suzhen (Vaults:2)
  Saint Roka (Vaults:3)
  7 golden dragons
  2 profane servitors
  A Tzitzimitl (Depths:2)
  4 tentacled monstrosities
  3 titans
  A walking frostbound tome (Depths:3)
  A walking earthen tome (Depths:3)
  2 liches
  2 acid blobs (Depths:4)
  Gastronok (Lair:2)
  3 Executioners (Depths:2)
  A kraken (Shoals:2)
  6 sphinxes
  A storm dragon (Vaults:5)
  2 tengu reavers
  A tentacled starspawn (Abyss:2)
  2 draconian monks (Depths:4)
  6 azure jellies (Depths:4)
  2 rockslimes (Depths:4)
  7 fire giants
  Ilsuiw (Shoals:4)
  6 emperor scorpions
  7 vault wardens
  4 ghost moths (Spider:4)
  An iron dragon (Depths:3)
  5 frost giants
  A spectral juggernaut (Depths:2)
  2 orc warlords (Vaults:2)
  2 balrugs
  Aizul (Depths:2)
  A deep elf elementalist (Abyss:3)
  A reaper (Depths:2)
  12 ironbound preservers
  25 very ugly things
  4 broodmothers
  An angel (Abyss:3)
  3 quicksilver oozes (Depths:4)
  A draconian annihilator (Depths:4)
  14 stone giants
  3 vampire knights
  5 green draconians
  9 ironbound thunderhulks
  3 dire elephants (Vaults:3)
  A lorocyproca (Depths:3)
  2 black draconians (Depths:4)
  A deep elf demonologist (Vaults:1)
  4 entropy weavers
  A white draconian (Depths:4)
  A yellow draconian (Depths:4)
  3 spark wasps
  A spectral titan (Depths:2)
  2 deep elf annihilators (Vaults:5)
  4 purple draconians (Depths:4)
  4 red draconians (Depths:4)
  3 deep elf death magi
  3 crystal guardians (Vaults:4)
  10 merfolk javelineers
  10 ettins
  9 fire dragons
  12 merfolk impalers
  A spriggan zombie (Depths:2)
  A deep elf high priest (Vaults:1)
  11 ice dragons
  18 yaktaur captains
  A quicksilver dragon zombie (Depths:2)
  A rakshasa (Depths:1)
  7 boulder beetles
  25 vault guards
  Erolcha (Orc:2)
  3 spriggan air magi
  A juggernaut simulacrum (Depths:2)
  4 peacekeepers
  A spectral tengu (Depths:2)
  An alligator snapping turtle (Shoals:4)
  2 jorogumos
  11 great orbs of eyes
  4 catoblepae
  4 ogre magi
  A spectral stone giant (Depths:2)
  9 ironbound frosthearts
  A radroach (Spider:4)
  A death knight (D:15)
  9 hydras
  3 merfolk avatars
  10 two-headed ogres
  4 satyrs
  2 dancing weapons (D:14)
  4 merfolk aquamancers
  14 centaur warriors
  11 death yaks
  7 deep troll earth magi
  A spectral frost giant (Depths:2)
  4 deep troll shamans
  8 tengu warriors
  6 vampire magi
  10 spriggan berserkers
  2 titan zombies (Depths:2)
  13 hell knights
  A deep elf knight (Vaults:1)
  4 sun demons (Abyss:2)
  2 titan skeletons (Depths:2)
  6 skeletal warriors
  7 iron trolls
  A fire crab (Lair:5)
  5 pharaoh ants
  13 sea snakes
  5 steelbarb worms
  5 sun moths
  47 deep trolls
  2 golden dragon zombies (Depths:2)
  An obsidian statue (Spider:3)
  2 sphinx zombies (Depths:2)
  2 glowing orange brains
  A spark wasp zombie (Depths:1)
  2 flayed ghosts (Depths:2)
  11 orb spiders
  7 lindwurms
  A spectral iron dragon (Depths:2)
  15 ironbound convokers
  A phantasmal warrior (Vaults:5)
  A deep elf pyromancer (Vaults:1)
  2 tengu zombies (Depths:2)
  2 wizards
  A golden dragon skeleton (Depths:1)
  Pikel (D:5)
  5 orc knights
  A mana viper (shapeshifter) (Depths:3)
  An iron dragon zombie (Depths:2)
  42 ugly things
  A shadow dragon zombie (Depths:2)
  22 harpies
  9 necromancers
  A shadow dragon skeleton (Depths:2)
  2 orc sorcerers
  A wolf spider (shapeshifter) (Depths:4)
  25 wolf spiders
  5 cyclopes
  21 fauns
  A shining eye (shapeshifter) (Depths:3)
  2 worldbinders (Abyss:3)
  A salamander (Depths:4)
  A stone giant skeleton (Depths:1)
  25 manticores
  A shining eye (Depths:4)
  9 black mambas
  20 elephants
  11 merfolk sirens
  2 rust devils (Depths:1)
  2 apocalypse crabs (Abyss:2)
  A frost giant skeleton (Depths:1)
  2 eyes of devastation (Depths:3)
  18 vault sentinels
  A titan simulacrum (Depths:2)
  A storm dragon simulacrum (Depths:2)
  8 orange demons
  2 smoke demons
  4 torpor snails
  5 water nymphs
  9 large abominations
  15 cane toads
  7 demonic crawlers
  Joseph (D:7)
  A gargoyle (D:11)
  5 rime drakes
  A cane toad (shapeshifter) (D:15)
  25 yaktaurs
  2 unseen horrors
  2 kobold demonologists
  An efreet (D:15)
  2 freezing wraiths
  A golden dragon simulacrum (Depths:1)
  11 komodo dragons
  3 red devils
  5 tengu conjurers
  2 ice devils (Depths:3)
  3 tormentors (Depths:2)
  A hellwing (Depths:3)
  13 trolls
  2 polar bears
  4 meliai
  9 hornets
  8 wind drakes
  Grinder (D:5)
  3 ancient zymes
  A shadow dragon simulacrum (Depths:1)
  43 merfolk
  A tarantella (shapeshifter) (Vaults:3)
  29 slime creatures
  6 raiju (Abyss:3)
  Prince Ribbit (D:5)
  27 blink frogs
  15 dream sheep
  26 tarantellas
  9 snapping turtles
  A centaur simulacrum (D:15)
  20 culicivoras
  22 jumping spiders
  A frost giant simulacrum (Depths:1)
  9 water elementals
  4 wraiths
  A shadow (D:13)
  13 wyverns
  3 spriggans
  2 vampires
  68 yaks
  43 redbacks
  A golden eye (Depths:4)
  6 basilisks
  2 steam dragons
  5 vampire mosquitoes
  3 neqoxecs
  A golden eye (shapeshifter) (Depths:3)
  2 spriggan simulacra (Depths:2)
  A warg (Orc:1)
  An acid dragon (D:14)
  2 floating eyes (Depths:3)
  18 water moccasins
  18 orc warriors
  2 ice beasts
  A sky beast (D:6)
  A human skeleton (Depths:1)
  2 boggarts (Vaults:1)
  4 wolves (Lair:5)
  21 ogres
  12 centaurs
  A phantom (D:5)
  5 kobold brigands
  4 small abominations
  9 bullfrogs
  3 gnoll sergeants
  2 scorpions
  3 glowing shapeshifter simulacra (Depths:2)
  7 necrophages
  12 killer bees
  4 howler monkeys
  2 electric eels
  10 starcursed masses
  2 gnoll boudas (D:7)
  3 hounds
  10 orc priests
  2 jellies
  An iron imp (D:14)
  Jessica (D:3)
  4 iguanas
  Ijyb (D:4)
  9 orc wizards
  13 hell rats
  25 gnolls
  3 adders
  2 shadow imps
  15 white imps
  An ufetubus (Abyss:3)
  2 worms
  A dart slug (D:2)
  A worm (shapeshifter) (D:13)
  42 orcs
  9 ball pythons
  5 endoplasms
  2 giant cockroaches
  5 goblins
  8 hobgoblins
  5 jackals
  32 kobolds
  3 quokkas
  5 bats
  8 rats
  A fire vortex (Depths:2)
  3 starspawn tentacles (Abyss:2)
  2 tentacles (Shoals:2)
1734 creatures vanquished.

Vanquished Creatures (others)
  A shadow dragon (Vaults:5)
  A tengu warrior (Depths:4)
  2 wizards
  A phantasmal warrior (Vaults:5)
  An ugly thing (Depths:4)
  A merfolk siren (Shoals:1)
  A merfolk (Shoals:3)
  A jumping spider (Spider:4)
  A boggart (Vaults:1)
  33 fungi
  A lurking horror (Abyss:3)
  92 plants
  2 starspawn tentacles (Abyss:2)
  5 tentacles (Shoals:2)
143 creatures vanquished.

Grand Total: 1877 creatures vanquished

Notes
Turn   | Place    | Note
-------+----------+-------------------------------------------
     0 | D:1      | qw the Gargoyle Fighter began the quest for the Orb.
     0 | D:1      | Reached XP level 1. HP: 14/14 MP: 1/1
     0 | D:1      | 0 ||| qw: Version: 0.1-a-107-g9ff403c
     0 | D:1      | 0 ||| qw: Game counter: 6090
     0 | D:1      | 0 ||| qw: Always use a shield: true
     0 | D:1      | 0 ||| qw: God list: Okawaru
     0 | D:1      | 0 ||| qw: Allow faded altars: false
     0 | D:1      | 0 ||| qw: Do Orc after D:15 true
     0 | D:1      | 0 ||| qw: Do second Lair branch before Depths: true
     0 | D:1      | 0 ||| qw: Lair rune preference: random
     0 | D:1      | 0 ||| qw: Plans: Normal, Zot, God:TSO, Crypt, Tomb, Zig,
                  | Orb
     0 | D:1      | 0 ||| PLANNING D:1-11
     2 | D:1      | Found a runed translucent door.
     5 | D:1      | Noticed a jelly
    70 | D:1      | Found Iresi's Magic Scroll Shoppe.
    75 | D:1      | 75 ||| SHOPLISTING scroll of identify (28 gold, have 15).
    75 | D:1      | 75 ||| SHOPLISTING scroll of teleportation (42 gold, have
                  | 15).
   159 | D:1      | Reached XP level 2. HP: 19/19 MP: 2/2
   425 | D:1      | You fall into a shaft and drop 1 floor!
   607 | D:2      | 607 ||| Stepping ~*~*~tactically~*~*~ (hiding).
   612 | D:2      | Reached skill level 3 in Axes
   752 | D:2      | 752 ||| UPGRADING to +0 chain mail.
   762 | D:2      | 762 ||| DROPPING +0 scale mail.
   763 | D:2      | 763 ||| READING 2 scrolls labelled LYWODEYXEMN.
   763 | D:2      | Identified 2 scrolls of acquirement
   763 | D:2      | 763 ||| ACQUIRING -2 pair of gloves of Duty {*Slow rPois
                  | rF+ rC+}
   763 | D:2      | Acquired the -2 pair of gloves of Duty {*Slow rPois rF+
                  | rC+}
   765 | D:2      | 765 ||| UPGRADING to -2 pair of gloves of Duty {*Slow rPois
                  | rF+ rC+}.
   770 | D:2      | 770 ||| READING scroll of acquirement.
   770 | D:2      | 770 ||| ACQUIRING ring "Geoseic" {Ice +Blink rCorr Str-3
                  | Dex+5}
   770 | D:2      | Acquired the ring "Geoseic" {Ice +Blink rCorr Str-3 Dex+5}
   772 | D:2      | 772 ||| UPGRADING to ring "Geoseic" {Ice +Blink rCorr Str-3
                  | Dex+5}.
   773 | D:2      | 773 ||| READING scroll labelled VEEMEA ROTAUSCHAM.
   776 | D:2      | 776 ||| READING scroll labelled NUREZAERUT.
   777 | D:2      | 777 ||| DRINKING 2 metallic dark potions.
   778 | D:2      | 778 ||| DROPPING potion of flight.
   842 | D:1      | Reached XP level 3. HP: 23/23 MP: 3/3
   849 | D:1      | 849 ||| Stepping ~*~*~tactically~*~*~ (stealth).
   868 | D:1      | 868 ||| DROPPING +0 club.
  1296 | D:1      | 1296 ||| READING scroll labelled EZEBLI VANWY.
  1297 | D:1      | 1297 ||| READING scroll labelled GUR QIOTAUM.
  1303 | D:2      | 1303 ||| STAIRDANCE
  1314 | D:2      | 1314 ||| STAIRDANCE
  1325 | D:2      | 1325 ||| STAIRDANCE
  1337 | D:2      | 1337 ||| STAIRDANCE
  1420 | D:2      | 1420 ||| STAIRDANCE
  1476 | D:2      | 1476 ||| DROPPING +0 whip.
  1480 | D:2      | Found Jiapn's Distillery.
  1490 | D:2      | 1490 ||| BUYING potion of attraction (42 gold).
  1490 | D:2      | Bought a potion of attraction for 42 gold pieces
  1490 | D:2      | 1490 ||| SHOPLISTING potion of heal wounds (70 gold, have
                  | 13).
  1490 | D:2      | 1490 ||| SHOPLISTING potion of might (56 gold, have 13).
  1490 | D:2      | 1490 ||| SHOPLISTING potion of resistance (140 gold, have
                  | 13).
  1529 | D:2      | Reached skill level 1 in Throwing
  1617 | D:2      | Found a faded altar of an unknown god.
  1618 | D:2      | Found Dockym's Magic Scroll Shop.
  1624 | D:2      | Found Xuonej's General Store.
  1636 | D:2      | 1636 ||| SHOPLISTING scroll of enchant armour (82 gold,
                  | have 27).
  1636 | D:2      | 1636 ||| SHOPLISTING scroll of fog (44 gold, have 27).
  1636 | D:2      | 1636 ||| BUYING scroll of identify (22 gold).
  1636 | D:2      | Bought a scroll of identify for 22 gold pieces
  1636 | D:2      | 1636 ||| SHOPLISTING scroll of identify (22 gold, have 5).
  1648 | D:2      | 1648 ||| Stepping ~*~*~tactically~*~*~ (stealth).
  1652 | D:2      | 1652 ||| SHOPLISTING potion of attraction (39 gold, have
                  | 5).
  1652 | D:2      | 1652 ||| SHOPLISTING potion of lignification (39 gold, have
                  | 5).
  1652 | D:2      | 1652 ||| SHOPLISTING scroll of identify (26 gold, have 5).
  1863 | D:2      | 1863 ||| UPGRADING to +0 pair of boots.
  1868 | D:2      | 1868 ||| READING scroll labelled EMUXOD NYLO.
  1869 | D:2      | 1869 ||| DRINKING 2 fuming green potions.
  1869 | D:2      | Gained mutation: You passively dampen the noise of your
                  | surroundings. [potion of mutation]
  1944 | D:3      | Noticed Jessica
  1945 | D:3      | Killed Jessica
  1946 | D:3      | Reached XP level 4. HP: 28/28 MP: 4/4
  2249 | D:3      | Identified the +8 quarterstaff of Chagrin {speed, *Corrode
                  | Will+ MP+9}
  2310 | D:3      | 2310 ||| READING scroll labelled SYACOZXUMY.
  2311 | D:3      | 2311 ||| READING scroll labelled PIDINUU ICRI.
  2312 | D:3      | 2312 ||| READING scroll labelled ODWEOL UZILA.
  2313 | D:3      | 2313 ||| DRINKING 2 dark potions.
  2314 | D:3      | 2314 ||| READING 2 scrolls of identify.
  2314 | D:3      | 2314 ||| IDENTIFYING bubbling red potion
  2351 | D:4      | Identified the +2 robe "Tezxusm" {Will- rCorr Int+7}
  2390 | D:4      | Reached XP level 5. HP: 32/32 MP: 5/5
  2408 | D:4      | 2408 ||| Stepping ~*~*~tactically~*~*~ (stealth).
  2505 | D:4      | Noticed Ijyb
  2507 | D:4      | Found a staircase to the Ecumenical Temple.
  2508 | D:4      | 2508 ||| PLANNING TEMPLE
  2510 | D:4      | 2510 ||| DRINKING potion of curing.
  2510 | D:4      | 2510 ||| (to cure confusion)
  2516 | D:4      | Killed Ijyb
  2517 | D:4      | Reached skill level 1 in Dodging
  2518 | D:4      | Reached XP level 6. HP: 11/38 MP: 6/6
  2745 | Temple   | Entered the Ecumenical Temple
  2754 | Temple   | Became a worshipper of Warmaster Okawaru
  2756 | Temple   | 2756 ||| PLANNING D:1-11
  2820 | D:4      | 2820 ||| Stepping ~*~*~tactically~*~*~ (stealth).
  2895 | D:4      | Found a glowing golden altar of the Shining One.
  2987 | D:4      | 2987 ||| DRINKING 2 smoky blue potions.
  2988 | D:4      | 2988 ||| DRINKING 3 red potions.
  2989 | D:4      | 2989 ||| DROPPING potion of brilliance.
  2999 | D:5      | Entered Level 5 of the Dungeon
  3002 | D:5      | Reached skill level 4 in Fighting
  3004 | D:5      | Noticed Grinder
  3005 | D:5      | 3005 ||| STAIRDANCE
  3010 | D:5      | 3010 ||| STAIRDANCE
  3137 | D:5      | 3137 ||| Stepping ~*~*~tactically~*~*~ (hiding).
  3138 | D:5      | Paralysed by Grinder for 3 turns
  3145 | D:5      | Noticed an ice beast
  3146 | D:5      | HP: 3/38 [ogre/+0 giant club (13)]
  3147 | D:5      | 3147 ||| READING 4 scrolls of teleportation.
  3148 | D:5      | 3148 ||| DRINKING 2 potions of heal wounds.
  3148 | D:5      | Noticed a water moccasin
  3162 | D:5      | Paralysed by Grinder for 4 turns
  3173 | D:5      | HP: 6/38 [Grinder (5)]
  3174 | D:5      | 3174 ||| READING 3 scrolls of teleportation.
  3175 | D:5      | 3175 ||| DRINKING potion of heal wounds.
  3177 | D:5      | Killed a water moccasin
  3178 | D:5      | Reached skill level 6 in Axes
  3178 | D:5      | Reached XP level 7. HP: 35/43 MP: 7/7
  3196 | D:5      | Reached * piety under Okawaru
  3311 | D:5      | Noticed Pikel
  3328 | D:5      | Killed Pikel
  3329 | D:5      | Reached XP level 8. HP: 21/48 MP: 8/8
  3383 | D:5      | 3383 ||| FLEEEEING.
  3384 | D:5      | 3384 ||| FLEEEEING.
  3385 | D:5      | 3385 ||| FLEEEEING.
  3386 | D:5      | 3386 ||| FLEEEEING.
  3417 | D:5      | 3417 ||| FLEEEEING.
  3418 | D:5      | 3418 ||| INVOKING Heroism.
  3425 | D:5      | Killed Grinder
  3425 | D:5      | Reached ** piety under Okawaru
  3426 | D:5      | Reached skill level 5 in Fighting
  3463 | D:5      | 3463 ||| FLEEEEING.
  3469 | D:5      | 3469 ||| STAIRDANCE
  3544 | D:4      | 3544 ||| READING 3 scrolls of identify.
  3544 | D:4      | 3544 ||| IDENTIFYING black potion
  3545 | D:4      | 3545 ||| READING 2 scrolls of identify.
  3545 | D:4      | 3545 ||| IDENTIFYING fuming amethyst potion
  3697 | D:5      | 3697 ||| Stepping ~*~*~tactically~*~*~ (stealth).
  3699 | D:5      | 3699 ||| INVOKING Heroism.
  3704 | D:5      | HP: 1/49 [ogre/+0 giant club (26)]
  3705 | D:5      | 3705 ||| READING 2 scrolls of teleportation.
  4015 | D:5      | 4015 ||| FLEEEEING.
  4016 | D:5      | 4016 ||| FLEEEEING.
  4017 | D:5      | 4017 ||| FLEEEEING.
  4026 | D:5      | 4026 ||| STAIRDANCE
  4128 | D:4      | 4128 ||| READING scroll labelled GUEXAI JANIL.
  4186 | D:4      | 4186 ||| DRINKING 2 amethyst potions.
  4187 | D:4      | 4187 ||| DROPPING potion of degeneration.
  4192 | D:5      | 4192 ||| Stepping ~*~*~tactically~*~*~ (hiding).
  4207 | D:5      | 4207 ||| INVOKING Heroism.
  4209 | D:5      | Reached skill level 3 in Invocations
  4331 | D:5      | Noticed Prince Ribbit
  4337 | D:5      | 4337 ||| INVOKING Heroism.
  4364 | D:5      | 4364 ||| INVOKING Heroism.
  4371 | D:5      | Killed Prince Ribbit
  4713 | D:6      | 4713 ||| STAIRDANCE
  4810 | D:6      | 4810 ||| INVOKING Heroism.
  4898 | D:6      | 4898 ||| INVOKING Heroism.
  4903 | D:6      | Reached skill level 6 in Fighting
  4903 | D:6      | Reached XP level 9. HP: 55/55 MP: 9/12
  4986 | D:6      | Identified the ring of Siush {rN+ AC+4 Str+8}
  5264 | D:6      | 5264 ||| DROPPING +2 whip of draining.
  5349 | D:6      | 5349 ||| Stepping ~*~*~tactically~*~*~ (stealth).
  5352 | D:6      | 5352 ||| Stepping ~*~*~tactically~*~*~ (stealth).
  5365 | D:6      | 5365 ||| Stepping ~*~*~tactically~*~*~ (hiding).
  5400 | D:6      | 5400 ||| INVOKING Heroism.
  5408 | D:6      | Reached skill level 9 in Axes
  5568 | D:6      | 5568 ||| Stepping ~*~*~tactically~*~*~ (hiding).
  5573 | D:6      | 5573 ||| INVOKING Heroism.
  5576 | D:6      | 5576 ||| Stepping ~*~*~tactically~*~*~ (hiding).
  5584 | D:6      | HP: 12/55 [gnoll sergeant/+1 vorpal spear (2)]
  5585 | D:6      | 5585 ||| READING scroll of teleportation.
  5586 | D:6      | 5586 ||| DRINKING potion of heal wounds.
  5741 | D:6      | 5741 ||| Stepping ~*~*~tactically~*~*~ (stealth).
  5883 | D:6      | 5883 ||| Stepping ~*~*~tactically~*~*~ (hiding).
  5884 | D:6      | 5884 ||| Stepping ~*~*~tactically~*~*~ (hiding).
  5886 | D:6      | 5886 ||| INVOKING Heroism.
  5905 | D:6      | 5905 ||| INVOKING Heroism.
  6463 | D:6      | 6463 ||| UPGRADING to +0 kite shield.
  6473 | D:6      | 6473 ||| DROPPING +0 buckler.
  6474 | D:6      | 6474 ||| DROPPING amulet of guardian spirit.
  6475 | D:6      | 6475 ||| UPGRADING to ring of Siush {rN+ AC+4 Str+8}.
  6476 | D:6      | 6476 ||| READING scroll labelled VASKAL WOKEI.
  6477 | D:6      | 6477 ||| READING scroll labelled TOPAQU FUIMAI.
  6495 | D:7      | Noticed Joseph
  6508 | D:7      | Killed Joseph
  6581 | D:7      | Reached *** piety under Okawaru
  6735 | D:7      | 6735 ||| Stepping ~*~*~tactically~*~*~ (hiding).
  6736 | D:7      | 6736 ||| Stepping ~*~*~tactically~*~*~ (hiding).
  6737 | D:7      | 6737 ||| Stepping ~*~*~tactically~*~*~ (hiding).
  6739 | D:7      | 6739 ||| INVOKING Heroism.
  6758 | D:7      | Reached skill level 6 in Shields
  7055 | D:7      | Found a shadowy altar of Dithmenos.
  7056 | D:7      | 7056 ||| Stepping ~*~*~tactically~*~*~ (hiding).
  7061 | D:7      | 7061 ||| INVOKING Heroism.
  7218 | D:7      | Reached XP level 10. HP: 60/60 MP: 13/13
  7289 | D:7      | 7289 ||| DROPPING +0 flail.
  7355 | D:7      | Found a runed translucent door.
  7356 | D:7      | Noticed Crazy Yiuf
  7495 | D:7      | 7495 ||| INVOKING Heroism.
  7803 | D:7      | 7803 ||| READING scroll labelled VEFIEBR LILUI.
  7825 | D:8      | 7825 ||| INVOKING Heroism.
  7886 | D:8      | Found Ubibub's Antique Weapon Emporium.
  7894 | D:8      | 7894 ||| BUYING broad axe (120 gold).
  7894 | D:8      | Bought a broad axe for 120 gold pieces
  7894 | D:8      | 7894 ||| SHOPLISTING glowing morningstar (210 gold, have
                  | 181).
  7894 | D:8      | 7894 ||| SWAPPING to +0 broad axe.
  7895 | D:8      | 7895 ||| DROPPING +0 war axe.
  7911 | D:8      | 7911 ||| INVOKING Heroism.
  8158 | D:8      | 8158 ||| Stepping ~*~*~tactically~*~*~ (hiding).
  8264 | D:8      | Reached **** piety under Okawaru
  8265 | D:8      | Reached skill level 7 in Fighting
  8279 | D:8      | 8279 ||| FLEEEEING.
  8379 | D:8      | 8379 ||| Stepping ~*~*~tactically~*~*~ (hiding).
  8385 | D:8      | 8385 ||| INVOKING Heroism.
  8513 | D:8      | Found a staircase to the Lair.
  8763 | D:8      | 8763 ||| INVOKING Heroism.
  8930 | D:8      | Identified the +4 dagger "Cabbin" {distort, rN+}
  9112 | D:8      | 9112 ||| PLANNING LAIR
  9112 | D:8      | 9112 ||| UPGRADING to +0 plate armour.
  9122 | D:8      | 9122 ||| DROPPING +0 chain mail.
  9123 | D:8      | 9123 ||| UPGRADING to +6 ring of dexterity.
  9243 | Lair:1   | Entered Level 1 of the Lair of Beasts
  9243 | Lair:1   | Noticed a six-headed hydra
  9244 | Lair:1   | 9244 ||| INVOKING Heroism.
  9247 | Lair:1   | 9247 ||| SWAPPING to +0 morningstar.
  9253 | Lair:1   | Killed a six-headed hydra
  9254 | Lair:1   | Reached skill level 6 in Armour
  9254 | Lair:1   | Reached skill level 6 in Invocations
  9254 | Lair:1   | 9254 ||| SWAPPING to +0 broad axe.
  9264 | Lair:1   | Noticed a cane toad
  9270 | Lair:1   | 9270 ||| INVOKING Heroism.
  9273 | Lair:1   | Killed a cane toad
  9473 | Lair:1   | 9473 ||| Stepping ~*~*~tactically~*~*~ (stealth).
  9475 | Lair:1   | 9475 ||| Stepping ~*~*~tactically~*~*~ (stealth).
  9479 | Lair:1   | 9479 ||| INVOKING Heroism.
  9483 | Lair:1   | Reached skill level 9 in Shields
  9495 | Lair:1   | Reached XP level 11. HP: 62/67 MP: 14/16
  9541 | Lair:1   | 9541 ||| INVOKING Heroism.
  9549 | Lair:1   | Received a gift from Okawaru
  9689 | Lair:1   | 9689 ||| INVOKING Heroism.
  9727 | Lair:1   | 9727 ||| INVOKING Heroism.
  9729 | Lair:1   | Received a gift from Okawaru
  9797 | Lair:1   | 9797 ||| INVOKING Heroism.
  9824 | Lair:1   | Identified the +4 scale mail "Noohuw" {Contam rC+ Str+6
                  | Int+3}
 10033 | Lair:1   | 10033 ||| INVOKING Heroism.
 10035 | Lair:1   | 10035 ||| Stepping ~*~*~tactically~*~*~ (stealth).
 10524 | Lair:1   | Found a runed translucent door.
 10526 | Lair:1   | 10526 ||| UPGRADING to +4 scale mail "Noohuw" {Contam rC+
                  | Str+6 Int+3}.
 10570 | Lair:2   | 10570 ||| INVOKING Heroism.
 10581 | Lair:2   | Noticed a six-headed hydra
 10586 | Lair:2   | 10586 ||| SWAPPING to +0 morningstar.
 10590 | Lair:2   | Killed a six-headed hydra
 10591 | Lair:2   | Reached skill level 9 in Invocations
 10591 | Lair:2   | 10591 ||| SWAPPING to +0 broad axe.
 10630 | Lair:2   | 10630 ||| INVOKING Heroism.
 10641 | Lair:2   | Reached skill level 3 in Dodging
 10703 | Lair:2   | 10703 ||| Stepping ~*~*~tactically~*~*~ (stealth).
 10713 | Lair:2   | 10713 ||| Stepping ~*~*~tactically~*~*~ (stealth).
 10755 | Lair:2   | 10755 ||| INVOKING Heroism.
 10767 | Lair:2   | Reached skill level 8 in Fighting
 10775 | Lair:2   | Reached ***** piety under Okawaru
 10795 | Lair:2   | 10795 ||| INVOKING Heroism.
 10832 | Lair:2   | 10832 ||| INVOKING Heroism.
 10846 | Lair:2   | Reached XP level 12. HP: 59/73 MP: 19/19
 10928 | Lair:2   | 10928 ||| Stepping ~*~*~tactically~*~*~ (stealth).
 10929 | Lair:2   | 10929 ||| Stepping ~*~*~tactically~*~*~ (stealth).
 10930 | Lair:2   | 10930 ||| Stepping ~*~*~tactically~*~*~ (stealth).
 10931 | Lair:2   | 10931 ||| INVOKING Heroism.
 10960 | Lair:2   | 10960 ||| Stepping ~*~*~tactically~*~*~ (stealth).
 10962 | Lair:2   | 10962 ||| Stepping ~*~*~tactically~*~*~ (stealth).
 10987 | Lair:2   | 10987 ||| Stepping ~*~*~tactically~*~*~ (stealth).
 10988 | Lair:2   | 10988 ||| Stepping ~*~*~tactically~*~*~ (stealth).
 10989 | Lair:2   | 10989 ||| Stepping ~*~*~tactically~*~*~ (stealth).
 10997 | Lair:2   | 10997 ||| INVOKING Heroism.
 11006 | Lair:2   | Received a gift from Okawaru
 11035 | Lair:2   | 11035 ||| INVOKING Heroism.
 11063 | Lair:2   | Noticed Gastronok
 11064 | Lair:2   | 11064 ||| INVOKING Heroism.
 11082 | Lair:2   | Killed Gastronok
 11083 | Lair:2   | Reached skill level 3 in Throwing
 11233 | Lair:2   | 11233 ||| FLEEEEING.
 11234 | Lair:2   | 11234 ||| FLEEEEING.
 11235 | Lair:2   | 11235 ||| FLEEEEING.
 11236 | Lair:2   | 11236 ||| FLEEEEING.
 11237 | Lair:2   | 11237 ||| FLEEEEING.
 11238 | Lair:2   | 11238 ||| FLEEEEING.
 11239 | Lair:2   | 11239 ||| STAIRDANCE
 11323 | Lair:2   | 11323 ||| INVOKING Heroism.
 11394 | Lair:2   | 11394 ||| INVOKING Heroism.
 11467 | Lair:2   | Reached skill level 9 in Fighting
 11503 | Lair:2   | 11503 ||| Stepping ~*~*~tactically~*~*~ (stealth).
 11506 | Lair:2   | 11506 ||| Stepping ~*~*~tactically~*~*~ (stealth).
 11508 | Lair:2   | 11508 ||| Stepping ~*~*~tactically~*~*~ (stealth).
 11511 | Lair:2   | 11511 ||| INVOKING Heroism.
 11931 | Lair:3   | 11931 ||| INVOKING Heroism.
 11932 | Lair:3   | 11932 ||| STAIRDANCE
 11945 | Lair:3   | 11945 ||| STAIRDANCE
 12001 | Lair:3   | 12001 ||| INVOKING Heroism.
 12105 | Lair:3   | Reached skill level 12 in Axes
 12149 | Lair:3   | 12149 ||| INVOKING Heroism.
 12198 | Lair:3   | Noticed a death yak
 12199 | Lair:3   | 12199 ||| INVOKING Heroism.
 12200 | Lair:3   | 12200 ||| INVOKING Finesse.
 12210 | Lair:3   | Killed a death yak
 12210 | Lair:3   | Received a gift from Okawaru
 12248 | Lair:3   | 12248 ||| DROPPING +3 war axe of venom.
 12394 | Lair:3   | Found a hole to the Spider Nest.
 12425 | Lair:3   | Found a staircase to the Shoals.
 12426 | Lair:3   | 12426 ||| INVOKING Heroism.
 12446 | Lair:3   | 12446 ||| INVOKING Heroism.
 12456 | Lair:3   | Reached XP level 13. HP: 46/80 MP: 18/20
 12602 | Lair:3   | 12602 ||| READING scroll of enchant armour.
 12602 | Lair:3   | 12602 ||| ENCHANTING +0 pair of boots.
 12680 | Lair:3   | 12680 ||| INVOKING Heroism.
 12858 | Lair:3   | Reached skill level 10 in Fighting
 12950 | Lair:3   | 12950 ||| INVOKING Heroism.
 13430 | Lair:3   | 13430 ||| DROPPING amulet of faith.
 13552 | Lair:4   | 13552 ||| INVOKING Heroism.
 13671 | Lair:4   | You fall into a shaft and drop 1 floor!
 13671 | Lair:5   | Entered Level 5 of the Lair of Beasts
 13684 | Lair:5   | 13684 ||| INVOKING Heroism.
 13730 | Lair:5   | Received a gift from Okawaru
 13912 | Lair:5   | 13912 ||| INVOKING Heroism.
 13913 | Lair:5   | 13913 ||| INVOKING Finesse.
 13941 | Lair:5   | Received a gift from Okawaru
 14127 | Lair:5   | 14127 ||| INVOKING Heroism.
 14158 | Lair:5   | 14158 ||| INVOKING Heroism.
 14193 | Lair:5   | 14193 ||| Stepping ~*~*~tactically~*~*~ (stealth).
 14204 | Lair:5   | 14204 ||| INVOKING Heroism.
 14212 | Lair:5   | Identified the +10 war axe of the Pariah {drain, *Noise
                  | rElec rN++ Str+4} (Okawaru gifted it to you on level 5 of
                  | the Lair of Beasts)
 14212 | Lair:5   | Received a gift from Okawaru
 14213 | Lair:5   | 14213 ||| Stepping ~*~*~tactically~*~*~ (stealth).
 14214 | Lair:5   | 14214 ||| Stepping ~*~*~tactically~*~*~ (stealth).
 14216 | Lair:5   | 14216 ||| Stepping ~*~*~tactically~*~*~ (stealth).
 14260 | Lair:5   | 14260 ||| Stepping ~*~*~tactically~*~*~ (stealth).
 14300 | Lair:5   | 14300 ||| Stepping ~*~*~tactically~*~*~ (stealth).
 14302 | Lair:5   | 14302 ||| Stepping ~*~*~tactically~*~*~ (stealth).
 14308 | Lair:5   | 14308 ||| INVOKING Heroism.
 14309 | Lair:5   | 14309 ||| INVOKING Finesse.
 14322 | Lair:5   | 14322 ||| Stepping ~*~*~tactically~*~*~ (stealth).
 14362 | Lair:5   | 14362 ||| Stepping ~*~*~tactically~*~*~ (stealth).
 14363 | Lair:5   | 14363 ||| Stepping ~*~*~tactically~*~*~ (stealth).
 14365 | Lair:5   | 14365 ||| Stepping ~*~*~tactically~*~*~ (stealth).
 14379 | Lair:5   | 14379 ||| SWAPPING to +10 war axe of the Pariah {drain,
                  | *Noise rElec rN++ Str+4}.
 14380 | Lair:5   | 14380 ||| DROPPING +0 broad axe.
 14389 | Lair:5   | Reached skill level 11 in Fighting
 14389 | Lair:5   | 14389 ||| READING scroll labelled XUTZOECSUE.
 14402 | Lair:5   | Gained mutation: Your large and strong wings let you fly.
                  | [Gargoyle growth]
 14402 | Lair:5   | Reached XP level 14. HP: 85/90 MP: 21/21
 14402 | Lair:5   | 14402 ||| Stepping ~*~*~tactically~*~*~ (stealth).
 14563 | Lair:4   | Reached skill level 12 in Shields
 14590 | Lair:4   | 14590 ||| INVOKING Heroism.
 14591 | Lair:4   | 14591 ||| INVOKING Finesse.
 14593 | Lair:4   | 14593 ||| SWAPPING to +0 morningstar.
 14601 | Lair:4   | 14601 ||| SWAPPING to +10 war axe of the Pariah {drain,
                  | *Noise rElec rN++ Str+4}.
 14783 | Lair:4   | Found a staircase to the Slime Pits.
 14784 | Lair:4   | Found a viscous altar of Jiyva.
 14836 | Lair:4   | 14836 ||| Stepping ~*~*~tactically~*~*~ (stealth).
 14846 | Lair:4   | 14846 ||| Stepping ~*~*~tactically~*~*~ (stealth).
 15380 | Lair:5   | 15380 ||| INVOKING Heroism.
 15381 | Lair:5   | 15381 ||| INVOKING Finesse.
 15383 | Lair:5   | 15383 ||| SWAPPING to +0 morningstar.
 15385 | Lair:5   | 15385 ||| Stepping ~*~*~tactically~*~*~ (outnumbered).
 15386 | Lair:5   | 15386 ||| Stepping ~*~*~tactically~*~*~ (outnumbered).
 15387 | Lair:5   | 15387 ||| STAIRDANCE
 15397 | Lair:4   | 15397 ||| SWAPPING to +10 war axe of the Pariah {drain,
                  | *Noise rElec rN++ Str+4}.
 15468 | Lair:5   | 15468 ||| STAIRDANCE
 15470 | Lair:4   | 15470 ||| INVOKING Heroism.
 15548 | Lair:5   | 15548 ||| STAIRDANCE
 15550 | Lair:4   | 15550 ||| INVOKING Heroism.
 15551 | Lair:4   | 15551 ||| SWAPPING to +0 morningstar.
 15551 | Lair:4   | HP: 20/90 [wyvern (4)]
 15552 | Lair:4   | 15552 ||| DRINKING 3 potions of heal wounds.
 15553 | Lair:4   | 15553 ||| INVOKING Finesse.
 15566 | Lair:4   | 15566 ||| SWAPPING to +10 war axe of the Pariah {drain,
                  | *Noise rElec rN++ Str+4}.
 15793 | Lair:5   | 15793 ||| STAIRDANCE
 15852 | Lair:5   | 15852 ||| INVOKING Heroism.
 15950 | Lair:5   | 15950 ||| INVOKING Heroism.
 15951 | Lair:5   | 15951 ||| INVOKING Finesse.
 15959 | Lair:5   | 15959 ||| SWAPPING to +0 morningstar.
 15962 | Lair:5   | 15962 ||| Stepping ~*~*~tactically~*~*~ (outnumbered).
 15963 | Lair:5   | 15963 ||| Stepping ~*~*~tactically~*~*~ (outnumbered).
 15964 | Lair:5   | 15964 ||| Stepping ~*~*~tactically~*~*~ (outnumbered).
 15971 | Lair:5   | 15971 ||| Stepping ~*~*~tactically~*~*~ (outnumbered).
 15975 | Lair:5   | 15975 ||| SWAPPING to +10 war axe of the Pariah {drain,
                  | *Noise rElec rN++ Str+4}.
 16111 | Lair:5   | 16111 ||| Stepping ~*~*~tactically~*~*~ (stealth).
 16121 | Lair:5   | Received a gift from Okawaru
 16145 | Lair:5   | 16145 ||| DROPPING +5 war axe of electrocution.
 16185 | Lair:5   | 16185 ||| Stepping ~*~*~tactically~*~*~ (stealth).
 16188 | Lair:5   | 16188 ||| Stepping ~*~*~tactically~*~*~ (stealth).
 16190 | Lair:5   | Reached skill level 15 in Axes
 16191 | Lair:5   | 16191 ||| INVOKING Heroism.
 16215 | Lair:5   | 16215 ||| READING 18 scrolls of identify.
 16215 | Lair:5   | 16215 ||| IDENTIFYING sapphire potion
 16216 | Lair:5   | 16216 ||| PLANNING D:1-11
 16216 | Lair:5   | 16216 ||| Stepping randomly (stuck).
 16232 | Lair:5   | 16232 ||| READING scroll of enchant armour.
 16232 | Lair:5   | 16232 ||| ENCHANTING +1 pair of boots.
 16251 | Lair:5   | Identified the +0 robe "Waletriu" {Archmagi}
 16315 | Lair:5   | 16315 ||| INVOKING Heroism.
 16316 | Lair:5   | 16316 ||| INVOKING Finesse.
 16372 | Lair:5   | 16372 ||| Stepping ~*~*~tactically~*~*~ (hiding).
 16374 | Lair:5   | 16374 ||| INVOKING Heroism.
 16376 | Lair:5   | 16376 ||| INVOKING Finesse.
 16432 | Lair:5   | 16432 ||| Stepping ~*~*~tactically~*~*~ (stealth).
 16441 | Lair:5   | 16441 ||| Stepping ~*~*~tactically~*~*~ (stealth).
 16443 | Lair:5   | 16443 ||| Stepping ~*~*~tactically~*~*~ (stealth).
 16447 | Lair:5   | 16447 ||| Stepping ~*~*~tactically~*~*~ (stealth).
 16461 | Lair:5   | 16461 ||| INVOKING Heroism.
 16471 | Lair:5   | 16471 ||| INVOKING Finesse.
 16477 | Lair:5   | Reached skill level 12 in Fighting
 16485 | Lair:5   | 16485 ||| Stepping ~*~*~tactically~*~*~ (stealth).
 16523 | Lair:5   | 16523 ||| Stepping ~*~*~tactically~*~*~ (stealth).
 16525 | Lair:5   | 16525 ||| Stepping ~*~*~tactically~*~*~ (hiding).
 16532 | Lair:5   | Received a gift from Okawaru
 16653 | Lair:5   | 16653 ||| INVOKING Heroism.
 16654 | Lair:5   | 16654 ||| INVOKING Finesse.
 16786 | Lair:5   | 16786 ||| Stepping ~*~*~tactically~*~*~ (stealth).
 16790 | Lair:5   | 16790 ||| INVOKING Heroism.
 17048 | Lair:5   | 17048 ||| UPGRADING to +0 cloak.
 17292 | D:9      | Found the +1 cloak of Starlight {*Dazzle EV+4 Stlth--}
 17360 | D:9      | 17360 ||| Stepping ~*~*~tactically~*~*~ (stealth).
 17362 | D:9      | 17362 ||| Stepping ~*~*~tactically~*~*~ (stealth).
 17363 | D:9      | 17363 ||| Stepping ~*~*~tactically~*~*~ (stealth).
 17412 | D:9      | 17412 ||| Stepping ~*~*~tactically~*~*~ (hiding).
 17413 | D:9      | 17413 ||| Stepping ~*~*~tactically~*~*~ (hiding).
 17621 | D:9      | 17621 ||| Stepping ~*~*~tactically~*~*~ (stealth).
 17622 | D:9      | 17622 ||| INVOKING Heroism.
 17626 | D:9      | 17626 ||| Stepping ~*~*~tactically~*~*~ (stealth).
 17752 | D:9      | 17752 ||| INVOKING Heroism.
 17914 | D:9      | Found an ornate altar of the Wu Jian Council.
 17991 | D:9      | 17991 ||| DROPPING scarf of shadows.
 17992 | D:9      | 17992 ||| UPGRADING to +1 cloak of Starlight {*Dazzle EV+4
                  | Stlth--}.
 18002 | D:9      | 18002 ||| DROPPING +0 cloak.
 18003 | D:9      | 18003 ||| READING scroll labelled YRINUANEYT.
 18010 | D:10     | Entered Level 10 of the Dungeon
 18192 | D:10     | Found Nyrghunea's One-of-a-Kind Rings.
 18198 | D:10     | 18198 ||| BUYING +3 ring of slaying (450 gold).
 18198 | D:10     | Bought a +3 ring of slaying for 450 gold pieces
 18198 | D:10     | 18198 ||| SHOPLISTING +6 ring of evasion (780 gold, have
                  | 337).
 18198 | D:10     | 18198 ||| SHOPLISTING +8 ring of strength (550 gold, have
                  | 337).
 18198 | D:10     | 18198 ||| SHOPLISTING +9 ring of dexterity (780 gold, have
                  | 337).
 18299 | D:10     | Found a staircase to the Orcish Mines.
 18404 | D:10     | 18404 ||| Stepping ~*~*~tactically~*~*~ (stealth).
 18424 | D:10     | 18424 ||| Stepping ~*~*~tactically~*~*~ (stealth).
 18426 | D:10     | 18426 ||| Stepping ~*~*~tactically~*~*~ (stealth).
 18433 | D:10     | 18433 ||| Stepping ~*~*~tactically~*~*~ (stealth).
 18434 | D:10     | 18434 ||| Stepping ~*~*~tactically~*~*~ (stealth).
 18442 | D:10     | 18442 ||| Stepping ~*~*~tactically~*~*~ (hiding).
 18446 | D:10     | 18446 ||| INVOKING Heroism.
 18452 | D:10     | Reached XP level 15. HP: 87/96 MP: 19/22
 18473 | D:10     | 18473 ||| INVOKING Heroism.
 18812 | D:10     | 18812 ||| Stepping ~*~*~tactically~*~*~ (stealth).
 18816 | D:10     | 18816 ||| Stepping ~*~*~tactically~*~*~ (hiding).
 18967 | D:10     | 18967 ||| UPGRADING to +3 ring of slaying {mikee}.
 18969 | D:10     | 18969 ||| DROPPING +6 ring of dexterity.
 18970 | D:10     | 18970 ||| READING scroll labelled VEGHEI APRUKO.
 18983 | D:11     | 18983 ||| STAIRDANCE
 18990 | D:11     | 18990 ||| STAIRDANCE
 19000 | D:11     | 19000 ||| INVOKING Heroism.
 19024 | D:11     | 19024 ||| Stepping ~*~*~tactically~*~*~ (hiding).
 19026 | D:11     | 19026 ||| Stepping ~*~*~tactically~*~*~ (hiding).
 19038 | D:11     | 19038 ||| Stepping ~*~*~tactically~*~*~ (stealth).
 19039 | D:11     | 19039 ||| Stepping ~*~*~tactically~*~*~ (stealth).
 19040 | D:11     | 19040 ||| Stepping ~*~*~tactically~*~*~ (stealth).
 19041 | D:11     | 19041 ||| Stepping ~*~*~tactically~*~*~ (stealth).
 19054 | D:11     | 19054 ||| Stepping ~*~*~tactically~*~*~ (stealth).
 19055 | D:11     | 19055 ||| Stepping ~*~*~tactically~*~*~ (stealth).
 19058 | D:11     | 19058 ||| Stepping ~*~*~tactically~*~*~ (stealth).
 19059 | D:11     | 19059 ||| Stepping ~*~*~tactically~*~*~ (stealth).
 19060 | D:11     | 19060 ||| Stepping ~*~*~tactically~*~*~ (hiding).
 19062 | D:11     | 19062 ||| Stepping ~*~*~tactically~*~*~ (hiding).
 19063 | D:11     | 19063 ||| Stepping ~*~*~tactically~*~*~ (hiding).
 19119 | D:11     | 19119 ||| Stepping ~*~*~tactically~*~*~ (stealth).
 19120 | D:11     | 19120 ||| INVOKING Heroism.
 19327 | D:11     | 19327 ||| INVOKING Heroism.
 19328 | D:11     | 19328 ||| SWAPPING to +0 morningstar.
 19329 | D:11     | 19329 ||| INVOKING Finesse.
 19333 | D:11     | 19333 ||| SWAPPING to +10 war axe of the Pariah {drain,
                  | *Noise rElec rN++ Str+4}.
 19443 | D:11     | 19443 ||| INVOKING Heroism.
 19868 | D:11     | 19868 ||| PLANNING D
 19868 | D:11     | 19868 ||| READING scroll labelled GUYGIN AMAYB.
 19869 | D:11     | 19869 ||| READING 22 scrolls of identify.
 19869 | D:11     | 19869 ||| IDENTIFYING cyan potion
 19870 | D:11     | 19870 ||| DROPPING potion of berserk rage.
 19931 | D:12     | 19931 ||| Stepping ~*~*~tactically~*~*~ (hiding).
 19932 | D:12     | 19932 ||| Stepping ~*~*~tactically~*~*~ (hiding).
 19935 | D:12     | 19935 ||| INVOKING Heroism.
 19942 | D:12     | Found a frozen archway.
 20071 | D:12     | 20071 ||| FLEEEEING.
 20076 | D:12     | 20076 ||| FLEEEEING.
 20077 | D:12     | 20077 ||| FLEEEEING.
 20079 | D:12     | 20079 ||| FLEEEEING.
 20080 | D:12     | 20080 ||| FLEEEEING.
 20081 | D:12     | 20081 ||| FLEEEEING.
 20089 | D:12     | 20089 ||| STAIRDANCE
 20399 | D:12     | 20399 ||| INVOKING Heroism.
 20770 | D:12     | 20770 ||| UPGRADING to +4 ring of protection.
 20772 | D:12     | 20772 ||| DROPPING ring of willpower.
 20773 | D:12     | 20773 ||| DROPPING ring "Geoseic" {Ice +Blink rCorr Str-3
                  | Dex+5}.
 20774 | D:12     | 20774 ||| DROPPING +3 ring of slaying {mikee}.
 20818 | D:13     | 20818 ||| Stepping ~*~*~tactically~*~*~ (stealth).
 20850 | D:13     | 20850 ||| Stepping ~*~*~tactically~*~*~ (stealth).
 20851 | D:13     | 20851 ||| Stepping ~*~*~tactically~*~*~ (stealth).
 20861 | D:13     | 20861 ||| Stepping ~*~*~tactically~*~*~ (stealth).
 21291 | D:13     | Received a gift from Okawaru
 21817 | D:14     | 21817 ||| Stepping ~*~*~tactically~*~*~ (stealth).
 21862 | D:14     | 21862 ||| Stepping ~*~*~tactically~*~*~ (hiding).
 21863 | D:14     | 21863 ||| Stepping ~*~*~tactically~*~*~ (hiding).
 21866 | D:14     | 21866 ||| Stepping ~*~*~tactically~*~*~ (stealth).
 21867 | D:14     | 21867 ||| Stepping ~*~*~tactically~*~*~ (stealth).
 21868 | D:14     | 21868 ||| INVOKING Heroism.
 21869 | D:14     | 21869 ||| INVOKING Finesse.
 21870 | D:14     | 21870 ||| SWAPPING to +0 morningstar.
 21882 | D:14     | 21882 ||| SWAPPING to +10 war axe of the Pariah {drain,
                  | *Noise rElec rN++ Str+4}.
 22165 | D:14     | 22165 ||| Stepping ~*~*~tactically~*~*~ (stealth).
 22167 | D:14     | 22167 ||| Stepping ~*~*~tactically~*~*~ (stealth).
 22173 | D:14     | 22173 ||| INVOKING Heroism.
 22231 | D:14     | Found a gate to the Vaults.
 22235 | D:14     | 22235 ||| Stepping ~*~*~tactically~*~*~ (hiding).
 22244 | D:14     | Reached skill level 13 in Fighting
 22426 | D:14     | Identified the +3 chain mail of Hysteria {Str+8 Dex-2}
                  | (Okawaru gifted it to you on level 14 of the Dungeon)
 22426 | D:14     | Received a gift from Okawaru
 22839 | D:14     | 22839 ||| DROPPING +0 plate armour.
 22840 | D:14     | 22840 ||| UPGRADING to +0 helmet.
 22845 | D:14     | 22845 ||| UPGRADING to +3 chain mail of Hysteria {Str+8
                  | Dex-2}.
 22855 | D:14     | 22855 ||| DROPPING +4 scale mail "Noohuw" {Contam rC+ Str+6
                  | Int+3}.
 22856 | D:14     | 22856 ||| READING scroll of enchant armour.
 22856 | D:14     | 22856 ||| ENCHANTING +0 helmet.
 22864 | D:14     | Gained mutation: Potions are less effective at restoring
                  | your health. [mutagenic glow]
 22871 | D:15     | Entered Level 15 of the Dungeon
 22872 | D:15     | 22872 ||| DRINKING potion of mutation.
 22872 | D:15     | Lost mutation: You passively dampen the noise of your
                  | surroundings. [potion of mutation]
 22872 | D:15     | Lost mutation: Potions are less effective at restoring your
                  | health. [potion of mutation]
 22872 | D:15     | Gained mutation: Your body sometimes deteriorates upon
                  | taking damage. [potion of mutation]
 22954 | D:15     | 22954 ||| INVOKING Heroism.
 22961 | D:15     | Reached skill level 9 in Armour
 23062 | D:15     | 23062 ||| INVOKING Heroism.
 23063 | D:15     | 23063 ||| INVOKING Finesse.
 23065 | D:15     | 23065 ||| SWAPPING to +0 morningstar.
 23073 | D:15     | 23073 ||| SWAPPING to +10 war axe of the Pariah {drain,
                  | *Noise rElec rN++ Str+4}.
 23343 | D:15     | 23343 ||| FLEEEEING.
 23344 | D:15     | 23344 ||| FLEEEEING.
 23345 | D:15     | 23345 ||| FLEEEEING.
 23346 | D:15     | 23346 ||| Stepping ~*~*~tactically~*~*~ (hiding).
 23404 | D:15     | Found a staircase to the Depths.
 23405 | D:15     | 23405 ||| INVOKING Heroism.
 23407 | D:15     | 23407 ||| Stepping ~*~*~tactically~*~*~ (stealth).
 23408 | D:15     | 23408 ||| Stepping ~*~*~tactically~*~*~ (stealth).
 23863 | D:15     | Found a huge runed gate.
 23863 | D:15     | Found a huge runed gate.
 23863 | D:15     | Found a huge runed gate.
 23865 | D:15     | Found a huge runed gate.
 23866 | D:15     | Found a huge runed gate.
 23866 | D:15     | Found a huge runed gate.
 23866 | D:15     | Found a huge runed gate.
 23867 | D:15     | Found a huge runed gate.
 23869 | D:15     | Found a huge runed gate.
 23870 | D:15     | Found a huge runed gate.
 23893 | D:15     | 23893 ||| Stepping ~*~*~tactically~*~*~ (stealth).
 23921 | D:15     | Found a huge runed gate.
 23927 | D:15     | Found a huge runed gate.
 23928 | D:15     | Found a huge runed gate.
 23929 | D:15     | Found a huge runed gate.
 23930 | D:15     | Found a huge runed gate.
 23937 | D:15     | Found a huge runed gate.
 23937 | D:15     | Found a huge runed gate.
 23937 | D:15     | Found a huge runed gate.
 23938 | D:15     | Found a huge runed gate.
 23947 | D:15     | Found a huge runed gate.
 23947 | D:15     | Found a huge runed gate.
 23947 | D:15     | Found a huge runed gate.
 23947 | D:15     | Found a huge runed gate.
 23947 | D:15     | Found a huge runed gate.
 23947 | D:15     | Found a huge runed gate.
 23948 | D:15     | Found a huge runed gate.
 23951 | D:15     | 23951 ||| Stepping ~*~*~tactically~*~*~ (hiding).
 23951 | D:15     | Found a huge runed gate.
 23964 | D:15     | Found a huge runed gate.
 23969 | D:15     | Reached XP level 16. HP: 104/104 MP: 23/23
 23969 | D:15     | 23969 ||| Stepping ~*~*~tactically~*~*~ (hiding).
 23991 | D:15     | Found a huge runed gate.
 23992 | D:15     | Found a huge runed gate.
 23993 | D:15     | Found a huge runed gate.
 23994 | D:15     | Found a huge runed gate.
 23995 | D:15     | Found a huge runed gate.
 23996 | D:15     | Found a huge runed gate.
 23997 | D:15     | Found a huge runed gate.
 23998 | D:15     | Found a huge runed gate.
 24324 | D:15     | 24324 ||| PLANNING ORC
 24324 | D:15     | 24324 ||| READING 25 scrolls of identify.
 24324 | D:15     | 24324 ||| IDENTIFYING fizzy grey potion
 24325 | D:15     | 24325 ||| DROPPING potion of invisibility.
 24457 | Orc:1    | Entered Level 1 of the Orcish Mines
 24532 | Orc:1    | 24532 ||| INVOKING Heroism.
 24572 | Orc:1    | 24572 ||| Stepping ~*~*~tactically~*~*~ (stealth).
 24573 | Orc:1    | 24573 ||| Stepping ~*~*~tactically~*~*~ (stealth).
 24649 | Orc:1    | 24649 ||| INVOKING Heroism.
 24997 | Orc:2    | Entered Level 2 of the Orcish Mines
 24998 | Orc:2    | 24998 ||| STAIRDANCE
 25003 | Orc:2    | 25003 ||| STAIRDANCE
 25009 | Orc:2    | 25009 ||| STAIRDANCE
 25106 | Orc:2    | Noticed Erolcha
 25107 | Orc:2    | 25107 ||| INVOKING Heroism.
 25111 | Abyss:2  | Cast into level 2 of the Abyss (Erolcha)
 25175 | Abyss:2  | 25175 ||| Stepping ~*~*~tactically~*~*~ (hiding).
 25194 | Abyss:2  | Noticed a profane servitor
 25220 | Abyss:2  | 25220 ||| INVOKING Heroism.
 25225 | Abyss:2  | Killed a profane servitor
 25262 | Abyss:2  | Noticed a tentacled starspawn
 25275 | Abyss:2  | Killed a tentacled starspawn
 25276 | Abyss:2  | 25276 ||| INVOKING Heroism.
 25279 | Abyss:2  | 25279 ||| Stepping ~*~*~tactically~*~*~ (stealth).
 25283 | Abyss:2  | 25283 ||| Stepping ~*~*~tactically~*~*~ (stealth).
 25296 | Abyss:2  | Reached skill level 14 in Fighting
 25301 | Abyss:2  | HP: 25/106 [balrug/+2 demon whip of pain (13)]
 25302 | Abyss:2  | 25302 ||| READING 8 scrolls of teleportation.
 25302 | Abyss:2  | HP: 8/106 [balrug/+2 demon whip of pain (12)]
 25303 | Abyss:2  | 25303 ||| DRINKING 5 potions of heal wounds.
 25310 | Abyss:2  | HP: 38/159 [something (6)]
 25317 | Abyss:2  | 25317 ||| Stepping ~*~*~tactically~*~*~ (stealth).
 25337 | Abyss:2  | 25337 ||| INVOKING Heroism.
 25379 | Abyss:2  | 25379 ||| Stepping ~*~*~tactically~*~*~ (stealth).
 25384 | Abyss:2  | 25384 ||| Stepping ~*~*~tactically~*~*~ (stealth).
 25407 | Abyss:3  | 25407 ||| Stepping ~*~*~tactically~*~*~ (stealth).
 25410 | Abyss:3  | Noticed a lich
 25411 | Abyss:3  | 25411 ||| Stepping ~*~*~tactically~*~*~ (stealth).
 25412 | Abyss:3  | 25412 ||| INVOKING Heroism.
 25413 | Abyss:3  | 25413 ||| INVOKING Finesse.
 25425 | Abyss:3  | Killed a lich
 25425 | Abyss:3  | HP: 23/106 [hellion/damnation (20)]
 25426 | Abyss:3  | 25426 ||| READING 7 scrolls of teleportation.
 25428 | Orc:2    | Escaped the Abyss
 25429 | Orc:2    | 25429 ||| DRINKING 4 potions of heal wounds.
 25432 | Orc:2    | Found Otsim's Distillery.
 25435 | Orc:2    | Killed Erolcha
 25650 | Orc:2    | 25650 ||| BUYING 2 potions of cancellation (160 gold).
 25650 | Orc:2    | Bought 2 potions of cancellation for 160 gold pieces
 25650 | Orc:2    | 25650 ||| BUYING 2 potions of mutation (160 gold).
 25650 | Orc:2    | Bought 2 potions of mutation for 160 gold pieces
 25650 | Orc:2    | 25650 ||| BUYING potion of curing (30 gold).
 25650 | Orc:2    | Bought a potion of curing for 30 gold pieces
 25650 | Orc:2    | 25650 ||| BUYING potion of curing (30 gold).
 25650 | Orc:2    | Bought a potion of curing for 30 gold pieces
 25650 | Orc:2    | 25650 ||| BUYING potion of haste (100 gold).
 25650 | Orc:2    | Bought a potion of haste for 100 gold pieces
 25650 | Orc:2    | 25650 ||| BUYING potion of mutation (80 gold).
 25650 | Orc:2    | Bought a potion of mutation for 80 gold pieces
 25699 | Orc:2    | Found Nuewkong's Distillery.
 25704 | Orc:2    | Found a staircase to the Elven Halls.
 25707 | Orc:2    | 25707 ||| BUYING 2 potions of resistance (320 gold).
 25707 | Orc:2    | Bought 2 potions of resistance for 320 gold pieces
 25707 | Orc:2    | 25707 ||| BUYING potion of cancellation (128 gold).
 25707 | Orc:2    | Bought a potion of cancellation for 128 gold pieces
 25707 | Orc:2    | 25707 ||| SHOPLISTING potion of curing (48 gold, have 20).
 25707 | Orc:2    | 25707 ||| SHOPLISTING potion of haste (160 gold, have 20).
 25707 | Orc:2    | 25707 ||| SHOPLISTING potion of heal wounds (80 gold, have
                  | 20).
 25732 | Orc:2    | 25732 ||| Stepping ~*~*~tactically~*~*~ (stealth).
 25733 | Orc:2    | 25733 ||| Stepping ~*~*~tactically~*~*~ (stealth).
 25735 | Orc:2    | 25735 ||| Stepping ~*~*~tactically~*~*~ (stealth).
 25737 | Orc:2    | 25737 ||| INVOKING Heroism.
 25743 | Orc:2    | Identified the +1 chain mail of the Pink Corner {rF- rN+++
                  | Int-2 Slay+4} (Okawaru gifted it to you on level 2 of the
                  | Orcish Mines)
 25743 | Orc:2    | Received a gift from Okawaru
 25746 | Orc:2    | 25746 ||| Stepping ~*~*~tactically~*~*~ (stealth).
 25776 | Orc:2    | Reached skill level 12 in Armour
 25787 | Orc:2    | 25787 ||| INVOKING Heroism.
 25832 | Orc:2    | 25832 ||| INVOKING Heroism.
 25838 | Orc:2    | Found Rew Bowu's Antique Armour Shop.
 25844 | Orc:2    | Found Coeteimi's General Store.
 25845 | Orc:2    | Found Lugopay's Antique Weapon Boutique.
 25904 | Orc:2    | Found Oweluaj's Distillery.
 25909 | Orc:2    | 25909 ||| SHOPLISTING pair of bloodstained gloves (152
                  | gold, have 74).
 25909 | Orc:2    | 25909 ||| SHOPLISTING shiny chain mail (120 gold, have 74).
 25920 | Orc:2    | 25920 ||| SHOPLISTING 2 potions of cancellation (208 gold,
                  | have 74).
 25920 | Orc:2    | 25920 ||| BUYING potion of curing (39 gold).
 25920 | Orc:2    | Bought a potion of curing for 39 gold pieces
 25920 | Orc:2    | 25920 ||| SHOPLISTING potion of haste (130 gold, have 35).
 25920 | Orc:2    | 25920 ||| SHOPLISTING potion of heal wounds (65 gold, have
                  | 35).
 25944 | Orc:2    | Found Puits's Assorted Antiques.
 25950 | Orc:2    | 25950 ||| SHOPLISTING 2 potions of lignification (180 gold,
                  | have 59).
 25950 | Orc:2    | 25950 ||| SHOPLISTING pair of shimmering gloves (285 gold,
                  | have 59).
 25950 | Orc:2    | 25950 ||| SHOPLISTING scroll of enchant weapon (225 gold,
                  | have 59).
 26022 | Orc:2    | Found Ofuomiu's Assorted Antiques.
 26047 | Orc:2    | 26047 ||| INVOKING Heroism.
 26055 | Orc:2    | Reached skill level 15 in Fighting
 26102 | Orc:2    | 26102 ||| BUYING scroll of blinking (142 gold).
 26102 | Orc:2    | Bought a scroll of blinking for 142 gold pieces
 26421 | Orc:2    | 26421 ||| PLANNING SHOALS:1-3
 26421 | Orc:2    | 26421 ||| DROPPING +1 chain mail of the Pink Corner {rF-
                  | rN+++ Int-2 Slay+4}.
 26746 | Shoals:1 | Entered Level 1 of the Shoals
 26760 | Shoals:1 | 26760 ||| INVOKING Heroism.
 26761 | Shoals:1 | 26761 ||| INVOKING Finesse.
 26848 | Shoals:1 | 26848 ||| INVOKING Heroism.
 26849 | Shoals:1 | 26849 ||| INVOKING Finesse.
 26895 | Shoals:1 | 26895 ||| INVOKING Heroism.
 26966 | Shoals:1 | 26966 ||| Stepping ~*~*~tactically~*~*~ (stealth).
 26968 | Shoals:1 | 26968 ||| INVOKING Heroism.
 27189 | Shoals:1 | 27189 ||| INVOKING Heroism.
 27355 | Shoals:1 | Found Hiynwejo's Book Emporium.
 27359 | Shoals:1 | 27359 ||| INVOKING Heroism.
 27424 | Shoals:1 | 27424 ||| INVOKING Heroism.
 27428 | Shoals:1 | 27428 ||| INVOKING Finesse.
 27442 | Shoals:1 | Reached XP level 17. HP: 99/113 MP: 18/24
 27461 | Shoals:1 | Reached skill level 6 in Throwing
 27464 | Shoals:1 | 27464 ||| INVOKING Heroism.
 27595 | Shoals:1 | 27595 ||| READING scroll of enchant armour.
 27595 | Shoals:1 | 27595 ||| ENCHANTING +1 helmet.
 28115 | Shoals:2 | Noticed a kraken
 28116 | Shoals:2 | 28116 ||| INVOKING Heroism.
 28123 | Shoals:2 | Killed a kraken
 28175 | Shoals:2 | 28175 ||| FLEEEEING.
 28176 | Shoals:2 | 28176 ||| FLEEEEING.
 28177 | Shoals:2 | 28177 ||| FLEEEEING.
 28178 | Shoals:2 | 28178 ||| FLEEEEING.
 28179 | Shoals:2 | 28179 ||| FLEEEEING.
 28180 | Shoals:2 | 28180 ||| FLEEEEING.
 28181 | Shoals:2 | 28181 ||| FLEEEEING.
 28182 | Shoals:2 | 28182 ||| FLEEEEING.
 28183 | Shoals:2 | 28183 ||| FLEEEEING.
 28184 | Shoals:2 | 28184 ||| STAIRDANCE
 28285 | Shoals:2 | 28285 ||| Stepping ~*~*~tactically~*~*~ (stealth).
 28296 | Shoals:2 | 28296 ||| Stepping ~*~*~tactically~*~*~ (hiding).
 28297 | Shoals:2 | 28297 ||| Stepping ~*~*~tactically~*~*~ (hiding).
 28304 | Shoals:2 | Received a gift from Okawaru
 28418 | Shoals:2 | 28418 ||| INVOKING Heroism.
 28419 | Shoals:2 | 28419 ||| INVOKING Finesse.
 28758 | Shoals:2 | Found Vazoos's Self-Improvement Boutique.
 28769 | Shoals:2 | 28769 ||| FLEEEEING.
 28778 | Shoals:2 | 28778 ||| STAIRDANCE
 28824 | Shoals:1 | 28824 ||| DROPPING +2 pair of boots.
 28834 | Shoals:2 | 28834 ||| Stepping ~*~*~tactically~*~*~ (stealth).
 28836 | Shoals:2 | 28836 ||| Stepping ~*~*~tactically~*~*~ (stealth).
 28850 | Shoals:2 | 28850 ||| INVOKING Heroism.
 28851 | Shoals:2 | 28851 ||| INVOKING Finesse.
 29238 | Shoals:2 | Received a gift from Okawaru
 29358 | Shoals:2 | 29358 ||| UPGRADING to amulet of the acrobat.
 29408 | Shoals:3 | 29408 ||| INVOKING Heroism.
 29409 | Shoals:3 | 29409 ||| INVOKING Finesse.
 29445 | Shoals:3 | Reached skill level 9 in Throwing
 29453 | Shoals:3 | 29453 ||| Stepping ~*~*~tactically~*~*~ (hiding).
 29454 | Shoals:3 | 29454 ||| Stepping ~*~*~tactically~*~*~ (hiding).
 29464 | Shoals:3 | 29464 ||| Stepping ~*~*~tactically~*~*~ (hiding).
 29499 | Shoals:3 | 29499 ||| Stepping ~*~*~tactically~*~*~ (stealth).
 29500 | Shoals:3 | 29500 ||| Stepping ~*~*~tactically~*~*~ (stealth).
 29502 | Shoals:3 | 29502 ||| Stepping ~*~*~tactically~*~*~ (hiding).
 29550 | Shoals:3 | 29550 ||| Stepping ~*~*~tactically~*~*~ (stealth).
 29553 | Shoals:3 | 29553 ||| INVOKING Heroism.
 29555 | Shoals:3 | 29555 ||| Stepping ~*~*~tactically~*~*~ (hiding).
 29566 | Shoals:3 | Reached skill level 15 in Shields
 29754 | Shoals:3 | 29754 ||| Stepping ~*~*~tactically~*~*~ (stealth).
 29756 | Shoals:3 | 29756 ||| INVOKING Heroism.
 29896 | Shoals:3 | Found Pakk's Magic Scroll Boutique.
 29897 | Shoals:3 | 29897 ||| Stepping ~*~*~tactically~*~*~ (hiding).
 29898 | Shoals:3 | 29898 ||| Stepping ~*~*~tactically~*~*~ (hiding).
 30046 | Shoals:3 | 30046 ||| INVOKING Heroism.
 30070 | Shoals:3 | 30070 ||| BUYING scroll of blinking (97 gold).
 30070 | Shoals:3 | Bought a scroll of blinking for 97 gold pieces
 30070 | Shoals:3 | 30070 ||| BUYING scroll of blinking (97 gold).
 30070 | Shoals:3 | Bought a scroll of blinking for 97 gold pieces
 30070 | Shoals:3 | 30070 ||| BUYING scroll of enchant armour (97 gold).
 30070 | Shoals:3 | Bought a scroll of enchant armour for 97 gold pieces
 30478 | Shoals:3 | 30478 ||| PLANNING SPIDER:1-3
 30547 | Spider:1 | Entered Level 1 of the Spider Nest
 30679 | Spider:1 | 30679 ||| Stepping ~*~*~tactically~*~*~ (stealth).
 30683 | Spider:1 | 30683 ||| Stepping ~*~*~tactically~*~*~ (stealth).
 30684 | Spider:1 | 30684 ||| Stepping ~*~*~tactically~*~*~ (stealth).
 30685 | Spider:1 | 30685 ||| Stepping ~*~*~tactically~*~*~ (stealth).
 30783 | Spider:1 | 30783 ||| Stepping ~*~*~tactically~*~*~ (stealth).
 30797 | Spider:1 | 30797 ||| Stepping ~*~*~tactically~*~*~ (hiding).
 30801 | Spider:1 | 30801 ||| INVOKING Finesse.
 30806 | Spider:1 | Reached skill level 16 in Fighting
 30842 | Spider:1 | 30842 ||| Stepping ~*~*~tactically~*~*~ (hiding).
 30846 | Spider:1 | 30846 ||| INVOKING Heroism.
 30857 | Spider:1 | 30857 ||| Stepping ~*~*~tactically~*~*~ (stealth).
 30862 | Spider:1 | 30862 ||| Stepping ~*~*~tactically~*~*~ (stealth).
 30864 | Spider:1 | 30864 ||| Stepping ~*~*~tactically~*~*~ (stealth).
 30865 | Spider:1 | 30865 ||| Stepping ~*~*~tactically~*~*~ (stealth).
 30868 | Spider:1 | 30868 ||| Stepping ~*~*~tactically~*~*~ (hiding).
 30878 | Spider:1 | Received a gift from Okawaru
 31068 | Spider:1 | 31068 ||| Stepping ~*~*~tactically~*~*~ (hiding).
 31078 | Spider:1 | 31078 ||| INVOKING Heroism.
 31093 | Spider:1 | 31093 ||| Stepping ~*~*~tactically~*~*~ (hiding).
 31098 | Spider:1 | HP: 27/116 [meliai/divine providence (13)]
 31099 | Spider:1 | 31099 ||| READING 10 scrolls of teleportation.
 31100 | Spider:1 | 31100 ||| DRINKING 4 potions of heal wounds.
 31509 | Spider:1 | 31509 ||| Stepping ~*~*~tactically~*~*~ (stealth).
 31511 | Spider:1 | 31511 ||| Stepping ~*~*~tactically~*~*~ (stealth).
 31512 | Spider:1 | 31512 ||| Stepping ~*~*~tactically~*~*~ (hiding).
 31586 | Spider:1 | 31586 ||| Stepping ~*~*~tactically~*~*~ (stealth).
 31708 | Spider:1 | Received a gift from Okawaru
 31710 | Spider:1 | 31710 ||| DROPPING +1 war axe of freezing.
 31777 | Spider:1 | 31777 ||| DROPPING ring of see invisible.
 31822 | Spider:2 | 31822 ||| INVOKING Finesse.
 31825 | Spider:2 | 31825 ||| INVOKING Heroism.
 31842 | Spider:2 | 31842 ||| Stepping ~*~*~tactically~*~*~ (stealth).
 31846 | Spider:2 | 31846 ||| Stepping ~*~*~tactically~*~*~ (stealth).
 31847 | Spider:2 | 31847 ||| Stepping ~*~*~tactically~*~*~ (stealth).
 31870 | Spider:2 | Reached skill level 17 in Fighting
 31871 | Spider:2 | 31871 ||| Stepping ~*~*~tactically~*~*~ (hiding).
 31874 | Spider:2 | 31874 ||| Stepping ~*~*~tactically~*~*~ (hiding).
 31906 | Spider:2 | 31906 ||| INVOKING Finesse.
 31960 | Spider:2 | 31960 ||| Stepping ~*~*~tactically~*~*~ (hiding).
 31968 | Spider:2 | Reached XP level 18. HP: 112/123 MP: 25/25
 32004 | Spider:2 | 32004 ||| DROPPING +0 morningstar.
 32016 | Spider:2 | 32016 ||| INVOKING Finesse.
 32124 | Spider:2 | 32124 ||| INVOKING Heroism.
 32126 | Spider:2 | 32126 ||| INVOKING Finesse.
 32387 | Spider:2 | Found a hide-covered altar of Uskayaw.
 32513 | Spider:2 | 32513 ||| Stepping ~*~*~tactically~*~*~ (stealth).
 32626 | Spider:2 | 32626 ||| READING 29 scrolls of identify.
 32626 | Spider:2 | 32626 ||| IDENTIFYING fizzy white potion
 32657 | Spider:3 | 32657 ||| INVOKING Finesse.
 32660 | Spider:3 | 32660 ||| INVOKING Heroism.
 32699 | Spider:3 | 32699 ||| INVOKING Heroism.
 32761 | Spider:3 | 32761 ||| INVOKING Heroism.
 32804 | Spider:3 | 32804 ||| UPGRADING to +0 tower shield.
 32808 | Spider:3 | 32808 ||| INVOKING Heroism.
 32856 | Spider:3 | 32856 ||| UPGRADING to +0 tower shield.
 32866 | Spider:3 | 32866 ||| DROPPING +0 kite shield.
 32881 | Spider:3 | 32881 ||| INVOKING Finesse.
 32887 | Spider:3 | 32887 ||| INVOKING Heroism.
 33093 | Spider:3 | 33093 ||| Stepping ~*~*~tactically~*~*~ (stealth).
 33096 | Spider:3 | 33096 ||| Stepping ~*~*~tactically~*~*~ (stealth).
 33097 | Spider:3 | 33097 ||| Stepping ~*~*~tactically~*~*~ (hiding).
 33284 | Spider:3 | 33284 ||| INVOKING Heroism.
 33286 | Spider:3 | 33286 ||| INVOKING Finesse.
 33305 | Spider:3 | 33305 ||| DRINKING 6 potions of cancellation.
 33307 | Spider:3 | Received a gift from Okawaru
 33584 | Spider:3 | 33584 ||| INVOKING Heroism.
 33836 | Spider:3 | Found a runed translucent door.
 33837 | Spider:3 | Found a shimmering altar of Xom.
 33837 | Spider:3 | Noticed qw's ghost (adept MiBe)
 33928 | Spider:3 | 33928 ||| PLANNING SHOALS:4
 34040 | Shoals:4 | Entered Level 4 of the Shoals
 34078 | Shoals:4 | Noticed Ilsuiw
 34079 | Shoals:4 | 34079 ||| INVOKING Heroism.
 34080 | Shoals:4 | 34080 ||| INVOKING Finesse.
 34125 | Shoals:4 | Killed Ilsuiw
 34143 | Shoals:4 | Received a gift from Okawaru
 34170 | Shoals:4 | 34170 ||| Stepping ~*~*~tactically~*~*~ (hiding).
 34172 | Shoals:4 | 34172 ||| INVOKING Heroism.
 34182 | Shoals:4 | 34182 ||| Stepping ~*~*~tactically~*~*~ (hiding).
 34226 | Shoals:4 | 34226 ||| FLEEEEING.
 34227 | Shoals:4 | 34227 ||| FLEEEEING.
 34228 | Shoals:4 | 34228 ||| FLEEEEING.
 34229 | Shoals:4 | 34229 ||| FLEEEEING.
 34232 | Shoals:4 | 34232 ||| STAIRDANCE
 34335 | Shoals:4 | 34335 ||| INVOKING Heroism.
 34397 | Shoals:4 | 34397 ||| INVOKING Heroism.
 34430 | Shoals:4 | Identified the +6 sling of Wuof {flame, Dex+2}
 34461 | Shoals:4 | Reached skill level 18 in Shields
 34462 | Shoals:4 | Found a transporter.
 34464 | Shoals:4 | Found a transporter.
 34628 | Shoals:4 | 34628 ||| INVOKING Heroism.
 34629 | Shoals:4 | 34629 ||| INVOKING Finesse.
 34682 | Shoals:4 | Identified the +1 helmet "Lillyeno" {*Slow Fly Will+
                  | Stlth+}
 34736 | Shoals:4 | 34736 ||| INVOKING Heroism.
 34767 | Shoals:4 | 34767 ||| INVOKING Heroism.
 34783 | Shoals:4 | 34783 ||| Stepping ~*~*~tactically~*~*~ (stealth).
 34793 | Shoals:4 | HP: 26/123 [satyr/arrow (20)]
 34794 | Shoals:4 | 34794 ||| READING 11 scrolls of teleportation.
 34795 | Shoals:4 | 34795 ||| DRINKING 4 potions of heal wounds.
 35034 | Shoals:4 | Got a barnacled rune of Zot
 35095 | Shoals:4 | 35095 ||| Stepping ~*~*~tactically~*~*~ (hiding).
 35096 | Shoals:4 | 35096 ||| INVOKING Heroism.
 35117 | Shoals:4 | Reached XP level 19. HP: 106/128 MP: 26/26
 35225 | Shoals:4 | 35225 ||| INVOKING Heroism.
 35341 | Shoals:4 | 35341 ||| INVOKING Heroism.
 35475 | Shoals:4 | Noticed qw's ghost (journeyman MiFi)
 35515 | Shoals:4 | 35515 ||| PLANNING VAULTS:1-4
 35515 | Shoals:4 | 35515 ||| DROPPING +1 helmet "Lillyeno" {*Slow Fly Will+
                  | Stlth+}.
 35930 | Vaults:1 | Entered Level 1 of the Vaults
 35978 | Vaults:1 | 35978 ||| Stepping ~*~*~tactically~*~*~ (hiding).
 36092 | Vaults:1 | 36092 ||| READING 10 scrolls of teleportation.
 36118 | Vaults:1 | Found a huge runed gate.
 36118 | Vaults:1 | Found a huge runed gate.
 36118 | Vaults:1 | Found a huge runed gate.
 36118 | Vaults:1 | Found a huge runed gate.
 36118 | Vaults:1 | Found a huge runed gate.
 36118 | Vaults:1 | Found a huge runed gate.
 36119 | Vaults:1 | Found a huge runed gate.
 36119 | Vaults:1 | Found a huge runed gate.
 36119 | Vaults:1 | Found a huge runed gate.
 36119 | Vaults:1 | Found a huge runed gate.
 36122 | Vaults:1 | Found a huge runed gate.
 36122 | Vaults:1 | Found a huge runed gate.
 36122 | Vaults:1 | Found a huge runed gate.
 36122 | Vaults:1 | Found a huge runed gate.
 36122 | Vaults:1 | Found a huge runed gate.
 36122 | Vaults:1 | Found a huge runed gate.
 36123 | Vaults:1 | Found a huge runed gate.
 36124 | Vaults:1 | Found a huge runed gate.
 36125 | Vaults:1 | Found a huge runed gate.
 36143 | Vaults:1 | Found a huge runed gate.
 36143 | Vaults:1 | Found a huge runed gate.
 36143 | Vaults:1 | Found a huge runed gate.
 36143 | Vaults:1 | Found a huge runed gate.
 36143 | Vaults:1 | Found a huge runed gate.
 36143 | Vaults:1 | Found a huge runed gate.
 36144 | Vaults:1 | Found a huge runed gate.
 36145 | Vaults:1 | Found a huge runed gate.
 36146 | Vaults:1 | Found a huge runed gate.
 36156 | Vaults:1 | Found a huge runed gate.
 36156 | Vaults:1 | Found a huge runed gate.
 36156 | Vaults:1 | Found a huge runed gate.
 36156 | Vaults:1 | Found a huge runed gate.
 36156 | Vaults:1 | Found a huge runed gate.
 36156 | Vaults:1 | Found a huge runed gate.
 36157 | Vaults:1 | Found a huge runed gate.
 36158 | Vaults:1 | Found a huge runed gate.
 36262 | Vaults:1 | 36262 ||| DROPPING +1 cloak.
 36263 | Vaults:1 | 36263 ||| READING 9 scrolls of teleportation.
 36290 | Vaults:1 | 36290 ||| Stepping ~*~*~tactically~*~*~ (stealth).
 36293 | Vaults:1 | 36293 ||| Stepping ~*~*~tactically~*~*~ (stealth).
 36303 | Vaults:1 | 36303 ||| INVOKING Heroism.
 36311 | Vaults:1 | 36311 ||| INVOKING Finesse.
 36488 | Vaults:1 | Identified the +9 morningstar of Demonkind {speed, Str+7
                  | Dex+6}
 36509 | Vaults:1 | 36509 ||| INVOKING Heroism.
 36512 | Vaults:1 | 36512 ||| Stepping ~*~*~tactically~*~*~ (hiding).
 36514 | Vaults:1 | 36514 ||| Stepping ~*~*~tactically~*~*~ (hiding).
 36522 | Vaults:1 | 36522 ||| Stepping ~*~*~tactically~*~*~ (hiding).
 36523 | Vaults:1 | 36523 ||| Stepping ~*~*~tactically~*~*~ (hiding).
 36524 | Vaults:1 | 36524 ||| Stepping ~*~*~tactically~*~*~ (hiding).
 36617 | Vaults:1 | 36617 ||| INVOKING Heroism.
 36951 | Vaults:1 | 36951 ||| INVOKING Heroism.
 36956 | Abyss:3  | Cast into level 3 of the Abyss (a deep elf demonologist)
 36971 | Abyss:3  | 36971 ||| Stepping ~*~*~tactically~*~*~ (hiding).
 36987 | Abyss:3  | 36987 ||| Stepping ~*~*~tactically~*~*~ (stealth).
 36990 | Abyss:3  | 36990 ||| Stepping ~*~*~tactically~*~*~ (stealth).
 36992 | Abyss:3  | 36992 ||| Stepping ~*~*~tactically~*~*~ (stealth).
 36993 | Abyss:3  | 36993 ||| Stepping ~*~*~tactically~*~*~ (hiding).
 36996 | Abyss:3  | 36996 ||| INVOKING Heroism.
 37144 | Abyss:3  | 37144 ||| INVOKING Heroism.
 37157 | Abyss:3  | Received a gift from Okawaru
 37196 | Abyss:3  | 37196 ||| Stepping ~*~*~tactically~*~*~ (stealth).
 37197 | Abyss:3  | 37197 ||| Stepping ~*~*~tactically~*~*~ (stealth).
 37210 | Abyss:3  | 37210 ||| Stepping ~*~*~tactically~*~*~ (stealth).
 37214 | Abyss:3  | 37214 ||| Stepping ~*~*~tactically~*~*~ (stealth).
 37264 | Abyss:3  | 37264 ||| Stepping ~*~*~tactically~*~*~ (stealth).
 37278 | Abyss:3  | 37278 ||| Stepping ~*~*~tactically~*~*~ (stealth).
 37283 | Abyss:3  | 37283 ||| Stepping ~*~*~tactically~*~*~ (stealth).
 37284 | Abyss:3  | 37284 ||| INVOKING Heroism.
 37288 | Abyss:3  | Noticed a profane servitor
 37310 | Abyss:3  | Killed a profane servitor
 37310 | Abyss:3  | Identified the +1 hat of Okawaru's Envy {+Blink rC+}
                  | (Okawaru gifted it to you on level 3 of the Abyss)
 37310 | Abyss:3  | Received a gift from Okawaru
 37311 | Abyss:3  | Reached skill level 18 in Fighting
 37316 | Abyss:3  | 37316 ||| Stepping ~*~*~tactically~*~*~ (stealth).
 37324 | Abyss:3  | 37324 ||| Stepping ~*~*~tactically~*~*~ (stealth).
 37334 | Abyss:3  | 37334 ||| Stepping ~*~*~tactically~*~*~ (stealth).
 37336 | Abyss:3  | 37336 ||| Stepping ~*~*~tactically~*~*~ (stealth).
 37338 | Abyss:3  | 37338 ||| INVOKING Heroism.
 37410 | Abyss:3  | 37410 ||| Stepping ~*~*~tactically~*~*~ (hiding).
 37412 | Abyss:3  | 37412 ||| INVOKING Heroism.
 37417 | Vaults:1 | Escaped the Abyss
 38030 | Vaults:1 | 38030 ||| Stepping ~*~*~tactically~*~*~ (hiding).
 38354 | Vaults:2 | Paralysed by something for 4 turns
 38366 | Vaults:2 | 38366 ||| INVOKING Heroism.
 38379 | Vaults:2 | 38379 ||| INVOKING Finesse.
 38408 | Vaults:2 | 38408 ||| Stepping ~*~*~tactically~*~*~ (hiding).
 38411 | Vaults:2 | 38411 ||| Stepping ~*~*~tactically~*~*~ (hiding).
 38416 | Vaults:2 | Reached skill level 15 in Armour
 38447 | Vaults:2 | 38447 ||| FLEEEEING.
 38450 | Vaults:2 | 38450 ||| FLEEEEING.
 38454 | Vaults:2 | 38454 ||| FLEEEEING.
 38455 | Vaults:2 | 38455 ||| FLEEEEING.
 38456 | Vaults:2 | 38456 ||| FLEEEEING.
 38457 | Vaults:2 | 38457 ||| FLEEEEING.
 38458 | Vaults:2 | 38458 ||| FLEEEEING.
 38459 | Vaults:2 | 38459 ||| FLEEEEING.
 38462 | Vaults:2 | 38462 ||| FLEEEEING.
 38463 | Vaults:2 | 38463 ||| STAIRDANCE
 38726 | Vaults:2 | 38726 ||| FLEEEEING.
 38737 | Vaults:2 | 38737 ||| FLEEEEING.
 38738 | Vaults:2 | 38738 ||| FLEEEEING.
 38739 | Vaults:2 | 38739 ||| FLEEEEING.
 38740 | Vaults:2 | 38740 ||| FLEEEEING.
 38744 | Vaults:2 | 38744 ||| STAIRDANCE
 38991 | Vaults:2 | Found a staircase to the Crypt.
 38993 | Vaults:2 | Identified the +3 quarterstaff "Wuvex" {vorpal, Dex+7}
 39012 | Vaults:2 | 39012 ||| INVOKING Heroism.
 39018 | Vaults:2 | Noticed Bai Suzhen
 39035 | Vaults:2 | Killed Bai Suzhen
 39175 | Vaults:2 | Found Foggejyx's Weapon Emporium.
 39202 | Vaults:2 | 39202 ||| INVOKING Heroism.
 39235 | Vaults:2 | Reached XP level 20. HP: 128/136 MP: 27/27
 39444 | Vaults:2 | Found Peerphoci's General Store.
 39564 | Vaults:2 | 39564 ||| FLEEEEING.
 39574 | Vaults:2 | 39574 ||| FLEEEEING.
 39576 | Vaults:2 | 39576 ||| FLEEEEING.
 39577 | Vaults:2 | 39577 ||| FLEEEEING.
 39578 | Vaults:2 | 39578 ||| FLEEEEING.
 39579 | Vaults:2 | 39579 ||| FLEEEEING.
 39580 | Vaults:2 | 39580 ||| FLEEEEING.
 39581 | Vaults:2 | 39581 ||| FLEEEEING.
 39582 | Vaults:2 | 39582 ||| FLEEEEING.
 39583 | Vaults:2 | 39583 ||| FLEEEEING.
 39584 | Vaults:2 | 39584 ||| FLEEEEING.
 39585 | Vaults:2 | 39585 ||| FLEEEEING.
 39590 | Vaults:2 | 39590 ||| FLEEEEING.
 39591 | Vaults:2 | 39591 ||| FLEEEEING.
 39592 | Vaults:2 | 39592 ||| FLEEEEING.
 39593 | Vaults:2 | 39593 ||| FLEEEEING.
 39602 | Vaults:2 | 39602 ||| FLEEEEING.
 39603 | Vaults:2 | 39603 ||| FLEEEEING.
 39604 | Vaults:2 | 39604 ||| FLEEEEING.
 39605 | Vaults:2 | 39605 ||| FLEEEEING.
 39606 | Vaults:2 | 39606 ||| FLEEEEING.
 39607 | Vaults:2 | 39607 ||| FLEEEEING.
 39610 | Vaults:2 | 39610 ||| STAIRDANCE
 39838 | Vaults:2 | 39838 ||| STAIRDANCE
 40073 | Vaults:2 | 40073 ||| Stepping ~*~*~tactically~*~*~ (hiding).
 40075 | Vaults:2 | 40075 ||| Stepping ~*~*~tactically~*~*~ (hiding).
 40120 | Vaults:2 | 40120 ||| Stepping ~*~*~tactically~*~*~ (hiding).
 40121 | Vaults:2 | 40121 ||| Stepping ~*~*~tactically~*~*~ (hiding).
 40122 | Vaults:2 | 40122 ||| Stepping ~*~*~tactically~*~*~ (hiding).
 40124 | Vaults:2 | 40124 ||| Stepping ~*~*~tactically~*~*~ (hiding).
 40128 | Vaults:2 | 40128 ||| INVOKING Heroism.
 40458 | Vaults:2 | 40458 ||| Stepping ~*~*~tactically~*~*~ (hiding).
 40461 | Vaults:2 | 40461 ||| INVOKING Heroism.
 40485 | Vaults:2 | Reached skill level 19 in Fighting
 40864 | Vaults:2 | Received a gift from Okawaru
 40865 | Vaults:2 | 40865 ||| FLEEEEING.
 40866 | Vaults:2 | 40866 ||| FLEEEEING.
 40867 | Vaults:2 | 40867 ||| FLEEEEING.
 40868 | Vaults:2 | 40868 ||| FLEEEEING.
 40869 | Vaults:2 | 40869 ||| FLEEEEING.
 40870 | Vaults:2 | 40870 ||| FLEEEEING.
 40871 | Vaults:2 | 40871 ||| FLEEEEING.
 40872 | Vaults:2 | 40872 ||| FLEEEEING.
 40873 | Vaults:2 | 40873 ||| FLEEEEING.
 40874 | Vaults:2 | 40874 ||| FLEEEEING.
 40875 | Vaults:2 | 40875 ||| FLEEEEING.
 40876 | Vaults:2 | 40876 ||| FLEEEEING.
 40877 | Vaults:2 | 40877 ||| FLEEEEING.
 40878 | Vaults:2 | 40878 ||| FLEEEEING.
 40879 | Vaults:2 | 40879 ||| FLEEEEING.
 40880 | Vaults:2 | 40880 ||| FLEEEEING.
 40881 | Vaults:2 | 40881 ||| FLEEEEING.
 40882 | Vaults:2 | 40882 ||| FLEEEEING.
 40883 | Vaults:2 | 40883 ||| FLEEEEING.
 40885 | Vaults:2 | 40885 ||| FLEEEEING.
 40886 | Vaults:2 | 40886 ||| FLEEEEING.
 40888 | Vaults:2 | 40888 ||| FLEEEEING.
 40889 | Vaults:2 | 40889 ||| FLEEEEING.
 40890 | Vaults:2 | 40890 ||| FLEEEEING.
 40891 | Vaults:2 | 40891 ||| FLEEEEING.
 40892 | Vaults:2 | 40892 ||| FLEEEEING.
 40893 | Vaults:2 | 40893 ||| FLEEEEING.
 40894 | Vaults:2 | 40894 ||| FLEEEEING.
 40895 | Vaults:2 | 40895 ||| FLEEEEING.
 40896 | Vaults:2 | 40896 ||| FLEEEEING.
 40898 | Vaults:2 | 40898 ||| FLEEEEING.
 40899 | Vaults:2 | 40899 ||| FLEEEEING.
 40900 | Vaults:2 | 40900 ||| FLEEEEING.
 40901 | Vaults:2 | 40901 ||| FLEEEEING.
 40902 | Vaults:2 | 40902 ||| FLEEEEING.
 40903 | Vaults:2 | 40903 ||| FLEEEEING.
 40904 | Vaults:2 | 40904 ||| FLEEEEING.
 40905 | Vaults:2 | 40905 ||| FLEEEEING.
 40909 | Vaults:2 | 40909 ||| FLEEEEING.
 40910 | Vaults:2 | 40910 ||| FLEEEEING.
 40911 | Vaults:2 | 40911 ||| FLEEEEING.
 41186 | Vaults:3 | 41186 ||| Stepping ~*~*~tactically~*~*~ (stealth).
 41189 | Vaults:3 | 41189 ||| Stepping ~*~*~tactically~*~*~ (stealth).
 41190 | Vaults:3 | 41190 ||| FLEEEEING.
 41191 | Vaults:3 | 41191 ||| FLEEEEING.
 41192 | Vaults:3 | 41192 ||| FLEEEEING.
 41193 | Vaults:3 | 41193 ||| FLEEEEING.
 41194 | Vaults:3 | 41194 ||| FLEEEEING.
 41195 | Vaults:3 | 41195 ||| FLEEEEING.
 41196 | Vaults:3 | 41196 ||| FLEEEEING.
 41202 | Vaults:3 | 41202 ||| FLEEEEING.
 41203 | Vaults:3 | 41203 ||| FLEEEEING.
 41204 | Vaults:3 | 41204 ||| FLEEEEING.
 41205 | Vaults:3 | 41205 ||| FLEEEEING.
 41207 | Vaults:3 | 41207 ||| FLEEEEING.
 41208 | Vaults:3 | 41208 ||| FLEEEEING.
 41209 | Vaults:3 | 41209 ||| FLEEEEING.
 41211 | Vaults:3 | 41211 ||| FLEEEEING.
 41216 | Vaults:3 | 41216 ||| STAIRDANCE
 41323 | Vaults:3 | 41323 ||| STAIRDANCE
 41455 | Vaults:3 | 41455 ||| Stepping ~*~*~tactically~*~*~ (stealth).
 41456 | Vaults:3 | 41456 ||| READING 8 scrolls of teleportation.
 41657 | Vaults:3 | You are sucked into a shaft and drop 1 floor!
 41675 | Vaults:4 | 41675 ||| INVOKING Heroism.
 41679 | Vaults:4 | 41679 ||| Stepping ~*~*~tactically~*~*~ (hiding).
 41681 | Vaults:4 | 41681 ||| Stepping ~*~*~tactically~*~*~ (hiding).
 41704 | Vaults:4 | Received a gift from Okawaru
 41736 | Vaults:4 | 41736 ||| INVOKING Heroism.
 41778 | Vaults:4 | Paralysed by a great orb of eyes for 3 turns
 41968 | Vaults:3 | 41968 ||| INVOKING Heroism.
 42108 | Vaults:3 | 42108 ||| Stepping ~*~*~tactically~*~*~ (stealth).
 42211 | Vaults:3 | 42211 ||| Stepping ~*~*~tactically~*~*~ (stealth).
 42225 | Vaults:3 | Received a gift from Okawaru
 42309 | Vaults:3 | 42309 ||| INVOKING Heroism.
 42317 | Vaults:3 | 42317 ||| Stepping ~*~*~tactically~*~*~ (hiding).
 42318 | Vaults:3 | 42318 ||| Stepping ~*~*~tactically~*~*~ (hiding).
 42319 | Vaults:3 | 42319 ||| Stepping ~*~*~tactically~*~*~ (hiding).
 42362 | Vaults:3 | Received a gift from Okawaru
 42370 | Vaults:3 | 42370 ||| INVOKING Heroism.
 42608 | Vaults:3 | 42608 ||| Stepping ~*~*~tactically~*~*~ (hiding).
 42610 | Vaults:3 | 42610 ||| Stepping ~*~*~tactically~*~*~ (hiding).
 42771 | Vaults:3 | 42771 ||| INVOKING Heroism.
 42772 | Vaults:3 | Noticed Saint Roka
 42776 | Vaults:3 | 42776 ||| Stepping ~*~*~tactically~*~*~ (hiding).
 42778 | Vaults:3 | Paralysed by an orc sorcerer for 3 turns
 42801 | Vaults:3 | Killed Saint Roka
 43063 | Vaults:3 | 43063 ||| INVOKING Heroism.
 43067 | Vaults:3 | Reached skill level 20 in Fighting
 43082 | Vaults:3 | Received a gift from Okawaru
 43486 | Vaults:3 | 43486 ||| DROPPING +6 ring of intelligence.
 43602 | Vaults:4 | 43602 ||| Stepping ~*~*~tactically~*~*~ (stealth).
 43608 | Vaults:4 | 43608 ||| Stepping ~*~*~tactically~*~*~ (stealth).
 43613 | Vaults:4 | 43613 ||| INVOKING Heroism.
 43622 | Vaults:4 | Reached XP level 21. HP: 111/146 MP: 26/28
 43627 | Vaults:4 | Received a gift from Okawaru
 43902 | Vaults:4 | 43902 ||| INVOKING Heroism.
 43913 | Vaults:4 | Identified the +3 ring mail of the Sea {Str+2 Dex+4}
                  | (Okawaru gifted it to you on level 4 of the Vaults)
 43913 | Vaults:4 | Received a gift from Okawaru
 44009 | Vaults:4 | 44009 ||| Stepping ~*~*~tactically~*~*~ (hiding).
 44079 | Vaults:4 | 44079 ||| Stepping ~*~*~tactically~*~*~ (hiding).
 44135 | Vaults:4 | 44135 ||| INVOKING Heroism.
 44269 | Vaults:4 | 44269 ||| INVOKING Heroism.
 44366 | Vaults:4 | 44366 ||| Stepping ~*~*~tactically~*~*~ (hiding).
 44367 | Vaults:4 | 44367 ||| Stepping ~*~*~tactically~*~*~ (hiding).
 44373 | Vaults:4 | 44373 ||| Stepping ~*~*~tactically~*~*~ (hiding).
 44375 | Vaults:4 | 44375 ||| INVOKING Heroism.
 44421 | Vaults:4 | 44421 ||| Stepping ~*~*~tactically~*~*~ (stealth).
 44422 | Vaults:4 | 44422 ||| Stepping ~*~*~tactically~*~*~ (stealth).
 44444 | Vaults:4 | 44444 ||| INVOKING Heroism.
 44456 | Vaults:4 | 44456 ||| Stepping ~*~*~tactically~*~*~ (hiding).
 44506 | Vaults:4 | Identified the +1 scale mail of Burnt Life {rC- Str+5}
 44646 | Vaults:4 | 44646 ||| Stepping ~*~*~tactically~*~*~ (hiding).
 44647 | Vaults:4 | 44647 ||| Stepping ~*~*~tactically~*~*~ (hiding).
 44650 | Vaults:4 | 44650 ||| Stepping ~*~*~tactically~*~*~ (hiding).
 44652 | Vaults:4 | Reached skill level 21 in Shields
 44812 | Vaults:4 | 44812 ||| PLANNING SPIDER:4
 45272 | Spider:4 | Entered Level 4 of the Spider Nest
 45275 | Spider:4 | 45275 ||| STAIRDANCE
 45403 | Spider:4 | 45403 ||| INVOKING Heroism.
 45453 | Spider:4 | 45453 ||| INVOKING Heroism.
 45761 | Spider:4 | 45761 ||| Stepping ~*~*~tactically~*~*~ (stealth).
 45763 | Spider:4 | 45763 ||| Stepping ~*~*~tactically~*~*~ (stealth).
 45766 | Spider:4 | 45766 ||| INVOKING Heroism.
 45808 | Spider:4 | 45808 ||| Stepping ~*~*~tactically~*~*~ (stealth).
 45813 | Spider:4 | 45813 ||| Stepping ~*~*~tactically~*~*~ (stealth).
 45869 | Spider:4 | 45869 ||| Stepping ~*~*~tactically~*~*~ (stealth).
 45878 | Spider:4 | 45878 ||| FLEEEEING.
 45879 | Spider:4 | 45879 ||| FLEEEEING.
 45880 | Spider:4 | 45880 ||| FLEEEEING.
 45881 | Spider:4 | 45881 ||| FLEEEEING.
 45882 | Spider:4 | 45882 ||| FLEEEEING.
 45883 | Spider:4 | 45883 ||| FLEEEEING.
 45884 | Spider:4 | 45884 ||| Stepping ~*~*~tactically~*~*~ (hiding).
 45886 | Spider:4 | 45886 ||| Stepping ~*~*~tactically~*~*~ (hiding).
 45902 | Spider:4 | 45902 ||| FLEEEEING.
 45903 | Spider:4 | 45903 ||| FLEEEEING.
 45904 | Spider:4 | 45904 ||| FLEEEEING.
 45917 | Spider:4 | 45917 ||| FLEEEEING.
 45937 | Spider:4 | HP: 35/148 [something (5)]
 45938 | Spider:4 | 45938 ||| READING 8 scrolls of teleportation.
 45939 | Spider:4 | 45939 ||| DRINKING 3 potions of heal wounds.
 45955 | Spider:4 | 45955 ||| Stepping ~*~*~tactically~*~*~ (stealth).
 46022 | Spider:4 | 46022 ||| INVOKING Heroism.
 46046 | Spider:4 | 46046 ||| Invisible monster not found???
 46308 | Spider:4 | 46308 ||| Stepping ~*~*~tactically~*~*~ (stealth).
 46356 | Spider:4 | 46356 ||| INVOKING Heroism.
 46374 | Spider:4 | Reached skill level 21 in Fighting
 46558 | Spider:4 | Got a gossamer rune of Zot
 46888 | Spider:4 | 46888 ||| PLANNING DEPTHS
 46888 | Spider:4 | 46888 ||| DROPPING +1 cloak of stealth.
 46889 | Spider:4 | 46889 ||| DROPPING scarf of invisibility.
 47277 | D:15     | 47277 ||| FLEEEEING.
 47278 | D:15     | 47278 ||| FLEEEEING.
 47279 | D:15     | 47279 ||| FLEEEEING.
 47280 | D:15     | 47280 ||| FLEEEEING.
 47281 | D:15     | 47281 ||| FLEEEEING.
 47282 | D:15     | 47282 ||| FLEEEEING.
 47283 | D:15     | 47283 ||| FLEEEEING.
 47284 | D:15     | 47284 ||| FLEEEEING.
 47285 | D:15     | 47285 ||| FLEEEEING.
 47286 | D:15     | 47286 ||| FLEEEEING.
 47287 | D:15     | 47287 ||| FLEEEEING.
 47288 | D:15     | 47288 ||| FLEEEEING.
 47289 | D:15     | 47289 ||| FLEEEEING.
 47290 | D:15     | 47290 ||| FLEEEEING.
 47291 | D:15     | 47291 ||| FLEEEEING.
 47292 | D:15     | 47292 ||| FLEEEEING.
 47293 | D:15     | 47293 ||| FLEEEEING.
 47294 | D:15     | 47294 ||| FLEEEEING.
 47295 | D:15     | 47295 ||| STAIRDANCE
 47452 | D:15     | 47452 ||| STAIRDANCE
 47462 | D:14     | Reached ****** piety under Okawaru
 47688 | Depths:1 | Entered Level 1 of the Depths
 47700 | Depths:1 | 47700 ||| INVOKING Heroism.
 47708 | Depths:1 | Received a gift from Okawaru
 47732 | Depths:1 | 47732 ||| Stepping ~*~*~tactically~*~*~ (stealth).
 47822 | Depths:1 | Found a gateway to Hell.
 47911 | Depths:1 | 47911 ||| READING 8 scrolls of teleportation.
 47978 | Depths:1 | 47978 ||| Stepping ~*~*~tactically~*~*~ (hiding).
 48094 | Depths:1 | 48094 ||| Stepping ~*~*~tactically~*~*~ (hiding).
 48105 | Depths:1 | Reached skill level 12 in Throwing
 48120 | Depths:1 | 48120 ||| Stepping ~*~*~tactically~*~*~ (stealth).
 48121 | Depths:1 | 48121 ||| Stepping ~*~*~tactically~*~*~ (stealth).
 48122 | Depths:1 | 48122 ||| Stepping ~*~*~tactically~*~*~ (stealth).
 48140 | Depths:1 | Received a gift from Okawaru
 48140 | Depths:1 | Noticed a juggernaut
 48141 | Depths:1 | 48141 ||| INVOKING Heroism.
 48142 | Depths:1 | 48142 ||| INVOKING Finesse.
 48159 | Depths:1 | Killed a juggernaut
 48217 | Depths:1 | 48217 ||| Stepping ~*~*~tactically~*~*~ (stealth).
 48218 | Depths:1 | 48218 ||| Stepping ~*~*~tactically~*~*~ (stealth).
 48318 | Depths:1 | 48318 ||| Stepping ~*~*~tactically~*~*~ (hiding).
 48323 | Depths:1 | 48323 ||| INVOKING Heroism.
 48333 | Depths:1 | 48333 ||| Stepping ~*~*~tactically~*~*~ (hiding).
 48336 | Depths:1 | 48336 ||| Stepping ~*~*~tactically~*~*~ (hiding).
 48345 | Depths:1 | Identified the +0 hat of Vatoux {rPois Str-5 Int+8 SInv}
                  | (Okawaru gifted it to you on level 1 of the Depths)
 48345 | Depths:1 | Received a gift from Okawaru
 48397 | Depths:1 | 48397 ||| INVOKING Heroism.
 48399 | Depths:1 | 48399 ||| Stepping ~*~*~tactically~*~*~ (hiding).
 48590 | Depths:1 | 48590 ||| INVOKING Heroism.
 48591 | Depths:1 | 48591 ||| INVOKING Finesse.
 48631 | Depths:1 | 48631 ||| INVOKING Heroism.
 48633 | Depths:1 | 48633 ||| INVOKING Finesse.
 48829 | Depths:1 | 48829 ||| Stepping ~*~*~tactically~*~*~ (stealth).
 48834 | Depths:1 | 48834 ||| Stepping ~*~*~tactically~*~*~ (stealth).
 48836 | Depths:1 | 48836 ||| Stepping ~*~*~tactically~*~*~ (stealth).
 48846 | Depths:1 | 48846 ||| Stepping ~*~*~tactically~*~*~ (hiding).
 48847 | Depths:1 | 48847 ||| Stepping ~*~*~tactically~*~*~ (hiding).
 48859 | Depths:1 | Reached skill level 18 in Armour
 48971 | Depths:1 | Found a broken altar of Ashenzari.
 48981 | Depths:1 | 48981 ||| DROPPING +0 hat of Vatoux {rPois Str-5 Int+8
                  | SInv}.
 48982 | Depths:1 | 48982 ||| Stepping ~*~*~tactically~*~*~ (hiding).
 48990 | Depths:1 | 48990 ||| INVOKING Heroism.
 49090 | Depths:1 | 49090 ||| INVOKING Heroism.
 49152 | Depths:1 | Found a glowing silver altar of Zin.
 49187 | Depths:1 | 49187 ||| DROPPING ring of resist corrosion.
 49188 | Depths:1 | 49188 ||| READING 8 scrolls of teleportation.
 49193 | Depths:1 | 49193 ||| Stepping ~*~*~tactically~*~*~ (hiding).
 49195 | Depths:1 | 49195 ||| INVOKING Heroism.
 49203 | Depths:1 | Reached XP level 22. HP: 155/155 MP: 27/29
 49332 | Depths:1 | Found a one-way gate leading to the halls of Pandemonium.
 49432 | Depths:2 | 49432 ||| STAIRDANCE
 49440 | Depths:2 | 49440 ||| STAIRDANCE
 49457 | Depths:2 | 49457 ||| STAIRDANCE
 49500 | Depths:2 | 49500 ||| STAIRDANCE
 49511 | Depths:2 | 49511 ||| STAIRDANCE
 49561 | Depths:2 | 49561 ||| INVOKING Heroism.
 49562 | Depths:2 | 49562 ||| STAIRDANCE
 49638 | Depths:2 | 49638 ||| STAIRDANCE
 49653 | Depths:2 | 49653 ||| STAIRDANCE
 49724 | Depths:2 | Noticed Aizul
 49725 | Depths:2 | 49725 ||| STAIRDANCE
 49736 | Depths:2 | 49736 ||| STAIRDANCE
 49738 | Depths:1 | 49738 ||| INVOKING Heroism.
 49739 | Depths:1 | 49739 ||| INVOKING Finesse.
 49740 | Depths:1 | 49740 ||| INVOKING Finesse.
 49912 | Depths:2 | 49912 ||| STAIRDANCE
 49956 | Depths:2 | 49956 ||| INVOKING Heroism.
 49957 | Depths:2 | 49957 ||| STAIRDANCE
 50087 | Depths:2 | 50087 ||| INVOKING Heroism.
 50088 | Depths:2 | 50088 ||| STAIRDANCE
 50146 | Depths:2 | 50146 ||| INVOKING Heroism.
 50153 | Depths:2 | Reached skill level 22 in Fighting
 50156 | Depths:2 | Killed Aizul
 50300 | Depths:2 | 50300 ||| INVOKING Heroism.
 50613 | Depths:2 | Found a one-way gate to the infinite horrors of the Abyss.
 50675 | Depths:2 | Found an ancient bone altar of Kikubaaqudgha.
 50707 | Depths:2 | 50707 ||| FLEEEEING.
 50803 | Depths:2 | 50803 ||| Stepping ~*~*~tactically~*~*~ (stealth).
 50805 | Depths:2 | 50805 ||| Stepping ~*~*~tactically~*~*~ (stealth).
 50834 | Depths:2 | 50834 ||| INVOKING Heroism.
 50845 | Depths:2 | Identified the +4 scale mail "Cuamej Pigyr" {Drain rPois
                  | Int+2} (Okawaru gifted it to you on level 2 of the Depths)
 50845 | Depths:2 | Received a gift from Okawaru
 50880 | Depths:2 | 50880 ||| INVOKING Heroism.
 50918 | Depths:2 | HP: 39/156 [Executioner (1)]
 50919 | Depths:2 | 50919 ||| READING 8 scrolls of teleportation.
 50920 | Depths:2 | 50920 ||| DRINKING 4 potions of heal wounds.
 51024 | Depths:2 | 51024 ||| Invisible monster not found???
 51222 | Depths:2 | Found a shimmering altar of Xom.
 51225 | Depths:2 | Found a shimmering altar of Xom.
 51225 | Depths:2 | Found an iron altar of Okawaru.
 51227 | Depths:2 | Found a sparkling altar of Nemelex Xobeh.
 51227 | Depths:2 | Found a radiant altar of Vehumet.
 51227 | Depths:2 | Found a sacrificial altar of Ru.
 51250 | Depths:2 | 51250 ||| INVOKING Heroism.
 51281 | Depths:2 | Reached skill level 6 in Dodging
 51283 | Depths:2 | 51283 ||| Stepping ~*~*~tactically~*~*~ (stealth).
 51289 | Depths:2 | 51289 ||| Stepping ~*~*~tactically~*~*~ (stealth).
 51306 | Depths:2 | 51306 ||| Stepping ~*~*~tactically~*~*~ (hiding).
 51321 | Depths:2 | 51321 ||| Stepping ~*~*~tactically~*~*~ (hiding).
 51469 | Depths:2 | 51469 ||| Stepping ~*~*~tactically~*~*~ (stealth).
 51503 | Depths:2 | 51503 ||| Stepping ~*~*~tactically~*~*~ (stealth).
 51655 | Depths:2 | Found the +3 Mad Mage's Maulers {Infuse+∞ RegenMP Int-3}
 51656 | Depths:2 | 51656 ||| INVOKING Heroism.
 51657 | Depths:2 | 51657 ||| INVOKING Finesse.
 51848 | Depths:2 | Identified the +1 helmet "Len Laof" {rF+ Int+2 Dex+4}
 51903 | Depths:2 | 51903 ||| UPGRADING to +1 helmet "Len Laof" {rF+ Int+2
                  | Dex+4}.
 51913 | Depths:2 | 51913 ||| DROPPING +2 helmet.
 51975 | Depths:3 | 51975 ||| Stepping ~*~*~tactically~*~*~ (hiding).
 51976 | Depths:3 | 51976 ||| Stepping ~*~*~tactically~*~*~ (hiding).
 51978 | Depths:3 | 51978 ||| INVOKING Heroism.
 51979 | Depths:3 | 51979 ||| INVOKING Finesse.
 51998 | Depths:3 | 51998 ||| Stepping ~*~*~tactically~*~*~ (hiding).
 52037 | Depths:3 | 52037 ||| Stepping ~*~*~tactically~*~*~ (stealth).
 52068 | Depths:3 | Noticed a golden dragon
 52069 | Depths:3 | 52069 ||| Stepping ~*~*~tactically~*~*~ (stealth).
 52072 | Depths:3 | 52072 ||| Stepping ~*~*~tactically~*~*~ (stealth).
 52073 | Depths:3 | 52073 ||| Stepping ~*~*~tactically~*~*~ (stealth).
 52074 | Depths:3 | 52074 ||| INVOKING Heroism.
 52075 | Depths:3 | 52075 ||| INVOKING Finesse.
 52088 | Depths:3 | Killed a golden dragon
 52109 | Depths:3 | 52109 ||| Stepping ~*~*~tactically~*~*~ (hiding).
 52110 | Depths:3 | 52110 ||| Stepping ~*~*~tactically~*~*~ (hiding).
 52291 | Depths:3 | Identified the amulet of the Fortune-Teller {RegenMP Will+
                  | Regen+ Slay-3}
 52294 | Depths:3 | Identified the amulet "Kaefaz" {+Inv Regen+ SInv Stlth-}
 52295 | Depths:3 | 52295 ||| INVOKING Heroism.
 52296 | Depths:3 | 52296 ||| INVOKING Finesse.
 52304 | Depths:3 | Noticed a juggernaut
 52304 | Depths:3 | Noticed a golden dragon
 52309 | Depths:3 | Killed a golden dragon
 52323 | Depths:3 | Killed a juggernaut
 52324 | Depths:3 | Noticed a golden dragon
 52328 | Depths:3 | Killed a golden dragon
 52458 | Depths:3 | 52458 ||| Stepping ~*~*~tactically~*~*~ (stealth).
 52512 | Depths:3 | Identified the ring "Evolix" {rN+ Dex+5}
 52515 | Depths:3 | Identified the ring "Jiryloi" {Fly rPois rN+}
 52556 | Depths:3 | 52556 ||| Stepping ~*~*~tactically~*~*~ (stealth).
 52581 | Depths:3 | 52581 ||| INVOKING Heroism.
 52582 | Depths:3 | 52582 ||| INVOKING Finesse.
 52603 | Depths:3 | 52603 ||| Stepping ~*~*~tactically~*~*~ (hiding).
 52625 | Depths:3 | Received a gift from Okawaru
 52681 | Depths:3 | 52681 ||| Stepping ~*~*~tactically~*~*~ (hiding).
 52682 | Depths:3 | 52682 ||| Stepping ~*~*~tactically~*~*~ (hiding).
 52684 | Depths:3 | 52684 ||| Stepping ~*~*~tactically~*~*~ (hiding).
 52818 | Depths:3 | 52818 ||| Stepping ~*~*~tactically~*~*~ (hiding).
 52819 | Depths:3 | 52819 ||| Stepping ~*~*~tactically~*~*~ (hiding).
 52915 | Depths:3 | 52915 ||| FLEEEEING.
 52916 | Depths:3 | 52916 ||| FLEEEEING.
 52917 | Depths:3 | 52917 ||| FLEEEEING.
 52918 | Depths:3 | 52918 ||| FLEEEEING.
 52919 | Depths:3 | 52919 ||| FLEEEEING.
 52920 | Depths:3 | 52920 ||| FLEEEEING.
 52924 | Depths:3 | 52924 ||| Stepping ~*~*~tactically~*~*~ (hiding).
 52928 | Depths:3 | 52928 ||| Stepping ~*~*~tactically~*~*~ (hiding).
 52931 | Depths:3 | 52931 ||| INVOKING Heroism.
 52935 | Depths:3 | Reached XP level 23. HP: 150/162 MP: 27/30
 52935 | Depths:3 | 52935 ||| INVOKING Finesse.
 52980 | Depths:3 | 52980 ||| Stepping ~*~*~tactically~*~*~ (hiding).
 53020 | Depths:3 | Received a gift from Okawaru
 53038 | Depths:3 | 53038 ||| Stepping ~*~*~tactically~*~*~ (stealth).
 53060 | Depths:3 | 53060 ||| INVOKING Heroism.
 53061 | Depths:3 | 53061 ||| INVOKING Finesse.
 53086 | Depths:3 | Reached skill level 9 in Dodging
 53099 | Depths:3 | 53099 ||| Stepping ~*~*~tactically~*~*~ (stealth).
 53101 | Depths:3 | 53101 ||| Stepping ~*~*~tactically~*~*~ (stealth).
 53103 | Depths:3 | 53103 ||| Stepping ~*~*~tactically~*~*~ (hiding).
 53155 | Depths:3 | Found a one-way gateway to a ziggurat.
 53156 | Depths:3 | 53156 ||| Stepping ~*~*~tactically~*~*~ (stealth).
 53158 | Depths:3 | 53158 ||| FLEEEEING.
 53159 | Depths:3 | 53159 ||| FLEEEEING.
 53160 | Depths:3 | 53160 ||| FLEEEEING.
 53161 | Depths:3 | 53161 ||| FLEEEEING.
 53174 | Depths:3 | 53174 ||| Stepping ~*~*~tactically~*~*~ (hiding).
 53178 | Depths:3 | 53178 ||| Stepping ~*~*~tactically~*~*~ (hiding).
 53179 | Depths:3 | 53179 ||| INVOKING Heroism.
 53221 | Depths:3 | 53221 ||| INVOKING Heroism.
 53386 | Depths:3 | 53386 ||| INVOKING Heroism.
 53454 | Depths:3 | 53454 ||| DRINKING 20 potions of curing.
 53454 | Depths:3 | 53454 ||| (to cure confusion)
 53755 | Depths:3 | 53755 ||| DROPPING +2 ice dragon scales.
 53756 | Depths:3 | 53756 ||| DROPPING +0 fire dragon scales.
 53757 | Depths:3 | 53757 ||| UPGRADING to +0 gold dragon scales.
 53767 | Depths:3 | 53767 ||| UPGRADING to +0 pair of gloves.
 53777 | Depths:3 | 53777 ||| READING 2 scrolls of enchant armour.
 53777 | Depths:3 | 53777 ||| ENCHANTING +0 gold dragon scales.
 53778 | Depths:3 | 53778 ||| DROPPING +3 chain mail of Hysteria {Str+8 Dex-2}.
 53779 | Depths:3 | 53779 ||| READING scroll of enchant armour.
 53779 | Depths:3 | 53779 ||| ENCHANTING +1 gold dragon scales.
 53780 | Depths:3 | 53780 ||| DROPPING amulet of the Fortune-Teller {RegenMP
                  | Will+ Regen+ Slay-3}.
 53781 | Depths:3 | 53781 ||| UPGRADING to amulet "Kaefaz" {+Inv Regen+ SInv
                  | Stlth-}.
 53791 | Depths:3 | 53791 ||| DROPPING amulet of the acrobat.
 53792 | Depths:3 | 53792 ||| DROPPING ring "Evolix" {rN+ Dex+5}.
 53793 | Depths:3 | 53793 ||| DROPPING ring "Jiryloi" {Fly rPois rN+}.
 53806 | Depths:4 | Entered Level 4 of the Depths
 53819 | Depths:4 | 53819 ||| INVOKING Heroism.
 53833 | Depths:4 | 53833 ||| INVOKING Heroism.
 53839 | Depths:4 | 53839 ||| Stepping ~*~*~tactically~*~*~ (hiding).
 53857 | Depths:4 | 53857 ||| Stepping ~*~*~tactically~*~*~ (hiding).
 53868 | Depths:4 | Noticed a golden dragon
 53868 | Depths:4 | Noticed a golden dragon
 53904 | Depths:4 | 53904 ||| INVOKING Heroism.
 53905 | Depths:4 | 53905 ||| INVOKING Finesse.
 54029 | Depths:4 | Noticed a juggernaut
 54030 | Depths:4 | 54030 ||| INVOKING Heroism.
 54031 | Depths:4 | 54031 ||| INVOKING Finesse.
 54041 | Depths:4 | Killed a juggernaut
 54041 | Depths:4 | Received a gift from Okawaru
 54139 | Depths:4 | 54139 ||| Stepping ~*~*~tactically~*~*~ (hiding).
 54159 | Depths:4 | 54159 ||| DRINKING 19 potions of curing.
 54159 | Depths:4 | 54159 ||| (to cure confusion)
 54160 | Depths:4 | 54160 ||| DRINKING 18 potions of curing.
 54160 | Depths:4 | 54160 ||| (to cure confusion)
 54161 | Depths:4 | Identified the ring "Koiwunor" {rN++ Str+4 Int+6}
 54162 | Depths:4 | 54162 ||| INVOKING Heroism.
 54177 | Depths:4 | Received a gift from Okawaru
 54268 | Depths:4 | Identified the +4 kite shield of Okawaru's Indignation
                  | {+Inv Stlth+} (Okawaru gifted it to you on level 4 of the
                  | Depths)
 54268 | Depths:4 | Received a gift from Okawaru
 54270 | Depths:4 | Gained mutation: You are dopey. (Int -2) [a shining eye]
 54275 | Depths:4 | Gained mutation: Your spells are a little easier to cast,
                  | but a little less powerful. [a shining eye]
 54339 | Depths:4 | 54339 ||| INVOKING Heroism.
 54523 | Depths:4 | 54523 ||| FLEEEEING.
 54524 | Depths:4 | 54524 ||| FLEEEEING.
 54525 | Depths:4 | 54525 ||| FLEEEEING.
 54526 | Depths:4 | 54526 ||| FLEEEEING.
 54527 | Depths:4 | 54527 ||| FLEEEEING.
 54528 | Depths:4 | 54528 ||| FLEEEEING.
 54529 | Depths:4 | 54529 ||| FLEEEEING.
 54536 | Depths:4 | 54536 ||| FLEEEEING.
 54542 | Depths:4 | 54542 ||| STAIRDANCE
 54644 | Depths:3 | 54644 ||| DROPPING +2 helmet of intelligence.
 54648 | Depths:4 | 54648 ||| INVOKING Heroism.
 54653 | Depths:4 | Noticed a golden dragon
 54654 | Depths:4 | 54654 ||| INVOKING Finesse.
 54665 | Depths:4 | Reached skill level 21 in Armour
 54669 | Depths:4 | Killed a golden dragon
 54705 | Depths:4 | Noticed a golden dragon
 54720 | Depths:4 | Killed a golden dragon
 54741 | Depths:4 | 54741 ||| INVOKING Finesse.
 54742 | Depths:4 | 54742 ||| INVOKING Heroism.
 54749 | Depths:4 | Killed a golden dragon
 54775 | Depths:4 | Killed a golden dragon
 54808 | Depths:4 | Found a runed translucent door.
 54808 | Depths:4 | Found a runed translucent door.
 54835 | Depths:4 | 54835 ||| INVOKING Heroism.
 54851 | Depths:4 | 54851 ||| Stepping ~*~*~tactically~*~*~ (hiding).
 54878 | Depths:4 | 54878 ||| Stepping ~*~*~tactically~*~*~ (hiding).
 54953 | Depths:4 | 54953 ||| Stepping ~*~*~tactically~*~*~ (stealth).
 54994 | Depths:4 | Found a runed translucent door.
 54994 | Depths:4 | Found a runed translucent door.
 55000 | Depths:4 | Reached XP level 24. HP: 157/168 MP: 30/30
 55032 | Depths:4 | Found a runed translucent door.
 55039 | Depths:4 | Found a runed translucent door.
 55142 | Depths:4 | Found a gate to the Realm of Zot.
 55202 | Depths:4 | 55202 ||| INVOKING Heroism.
 55301 | Depths:4 | 55301 ||| PLANNING VAULTS:5
 55553 | Vaults:5 | Entered Level 5 of the Vaults
 55554 | Vaults:5 | 55554 ||| INVOKING Heroism.
 55555 | Vaults:5 | 55555 ||| STAIRDANCE
 55569 | Vaults:5 | 55569 ||| STAIRDANCE
 55586 | Vaults:5 | 55586 ||| STAIRDANCE
 55588 | Vaults:4 | 55588 ||| INVOKING Heroism.
 55627 | Vaults:5 | 55627 ||| STAIRDANCE
 55629 | Vaults:4 | 55629 ||| INVOKING Heroism.
 55647 | Vaults:5 | 55647 ||| STAIRDANCE
 55666 | Vaults:5 | 55666 ||| STAIRDANCE
 55669 | Vaults:4 | Paralysed by a sphinx for 5 turns
 55675 | Vaults:4 | Received a gift from Okawaru
 55679 | Vaults:5 | 55679 ||| INVOKING Heroism.
 55700 | Vaults:5 | Reached skill level 23 in Fighting
 55711 | Vaults:5 | Noticed an ancient lich
 55715 | Vaults:5 | 55715 ||| INVOKING Heroism.
 55718 | Vaults:5 | Noticed an ancient lich
 55720 | Vaults:5 | 55720 ||| STAIRDANCE
 55723 | Vaults:4 | HP: 22/171 [ancient lich/crystal spear (89)]
 55724 | Vaults:4 | 55724 ||| READING 8 scrolls of teleportation.
 55724 | Vaults:4 | Killed from afar by an ancient lich

Levels and vault maps discovered:
D:1:      dpeg_arrival_caged_fury, layout_basic, serial_shops,
          nicolae_shop_hallway_stairs, corexii_leaking_fountain,
          chequers_serial_rivers_room_a
D:2:      layout_basic, ebering_ecumenical_altar_mist, serial_shops, shop,
          shop_statue, nicolae_square_shop, minmay_tromino_v2
D:3:      layout_basic, uniq_jessica
D:4:      layout_rooms, mainiacjoe_overflow_concentric_impassable,
          minmay_temple_entry_crystal_x, uniq_ijyb
D:5:      layout_rooms, uniq_pikel, uniq_grinder, uniq_prince_ribbit1
D:6:      layout_loops_corners, dreamdust_gnoll_farm
D:7:      layout_layer_cave, lemuel_round_altar, uniq_crazy_yiuf_cottage,
          uniq_joseph
D:8:      layout_cave_pods, erik_lair_dragon, serial_shops,
          nicolae_stop_n_shop_2, lemuel_old_faithful
D:9:      layout_irregular_city, nicolae_wu_jian_immortal_techniques
D:10:     layout_basic, orc_0_dummy, nicolae_shop_unique_rings, st_stairs_14,
          chequers_serial_rivers_large_b, minmay_beelzebubs_servants
D:11:     layout_loops_ring
D:12:     layout_stronghold, portal_ice_cave_entry_imps,
          dreamdust_mushroom_princess
D:13:     layout_loops_corners
D:14:     kennysheep_demon_hangout, layout_loops_ring, erik_vaults_1,
          nicolae_titane
D:15:     grunt_enter_depths_snipers, layout_stronghold,
          roderic_serpentine_path, door_vault
Temple:   hellmonk_temple_of_storms
Lair:1:   gammafunk_indiana_jones, layout_cave_shapes, grunt_megastairs_2
Lair:2:   layout_big_grid, wad_woods_road_02, uniq_gastronok
Lair:3:   layout_cellular_growth, elwin_shoals_entry_stream,
          spider_nest_entry_webs, grunt_megastairs_1
Lair:4:   layout_layer_cave, dpeg_slime_entry_corner, lookout_lair_type,
          serial_bayou_shore_a
Lair:5:   evilmike_catoblepas_cave, layout_cellular_growth, special_room
          [special_room_mythical_zoo], grunt_megastairs_3, lemuel_fruit_tree,
          infiniplex_staircase_pool_2
Shoals:1: layout_shoals, serial_shops, shop, st_sunken_temple
Shoals:2: argonaut_golden_fleece, layout_shoals, nicolae_shop_self_help
Shoals:3: layout_shoals, serial_shops, nicolae_shop_hallway_stairs
Shoals:4: shoals_end_simple, layout_shoals, shoals_ilsuiw_alternative,
          ebering_ghost_davey_jones
Spider:1: layout_cave_pods
Spider:2: layout_spider_delve, nicolae_spider_altar_of_dancing
Spider:3: spider_temple_joshua, ebering_ghost_xom
Spider:4: spider_rune_water
Orc:1:    layout_caves
Orc:2:    st_orc_open, layout_caves, serial_shops, nicolae_diamond_shop, shop,
          shop_fountains, nicolae_shop_advertising_works
          [nicolae_subvault_shop_adworks], uniq_erolcha
Vaults:1: grunt_vaults_hallway_long, v_misc_2, vaults_room_hallway,
          nicolae_vaults_bisected_exclaves, vaults_mumra_minichess_inversion,
          ontoclasm_vaults_ring_square, door_vault, nicolae_vaults_little_ls,
          vaults_dpeg_hooks, vaults_room_door_ring, v_alt_pattern_1,
          layout_vaults_omnigrid
Vaults:2: minmay_crypt_entry_simple_box, nicolae_vaults_asterisk,
          vaults_room_glass_cross, vaults_room_semicircle,
          nicolae_vaults_network_quinsquares
          [nicolae_vaults_network_quincunx_subvault,
          nicolae_vaults_network_quincunx_subvault,
          nicolae_vaults_network_quincunx_subvault,
          nicolae_vaults_network_quincunx_subvault], ontoclasm_vaults_hangar,
          hangedman_vaults_corner_blocks, ontoclasm_vaults_shuriken,
          vaults_mumra_hexcomb, nicolae_vaults_little_squares_4,
          nicolae_vaults_network_square, grunt_vaults_hallway_long,
          grunt_vaults_hallway_long, dpeg_vaults_monster_box, vaults_mumra_hex,
          vaults_dpeg_diagonal, nicolae_vaults_little_squares_3,
          layout_vaults_maze_snakey, serial_shops, shop, shop_statue,
          uniq_bai_suzhen
Vaults:3: nicolae_vaults_network_barrier, st_hourglassy, vaults_mumra_lcd,
          hangedman_vaults_trim, vaults_mumra_chevron, v_misc_22,
          vaults_dpeg_emergency_exit, ontoclasm_vaults_pinch, v_misc_27,
          nicolae_vaults_circle_grid_a, vaults_room_pools,
          ontoclasm_vaults_gateway, nicolae_vaults_specimen_jars,
          layout_vaults_big_cross, uniq_saint_roka
Vaults:4: v_misc_33, nicolae_vaults_three_branches, hangedman_vaults_capsules,
          v_pattern_2, vaults_room_corners, ontoclasm_vaults_eye, v_misc_23,
          ontoclasm_vaults_loading_screen, layout_vaults_big_room
Vaults:5: serial_shops
Depths:1: layout_basic, pf_hell_entry_tar_spiral, rand_demon_pan_entry_9,
          nicolae_ashenzari_skybound, zin_academy
Depths:2: evilmike_negative_zone, layout_cave_pools, hell_entry,
          doesnt_xom_only_xom, abyss_entry, rand_demon_pan_entry_5, uniq_aizul
Depths:3: minmay_the_grid_triangle_9x9_recursive_2
          [minmay_the_grid_triangle_9x9_prize_special,
          minmay_the_grid_triangle_9x9_steps,
          minmay_the_grid_triangle_9x9_semitri,
          minmay_the_grid_triangle_9x9_cache], layout_basic, enter_ziggurat_c,
          abyss_entry, rand_demon_pan_entry_8, hell_entry,
          kennysheep_minor_cross
Depths:4: evilmike_zot_entry_castle, layout_gridlike, special_room
          [special_room_jelly], hell_entry

Skill      XL: |  1  2  3  4  5  6  7  8  9 10 11 12 13 14 15 16 17 18 19 20 21 22 23 24 |
---------------+-------------------------------------------------------------------------+-----
Axes           | 2 3 4 5 6 8 9 10 12 14 15 16 | 16.0
Throwing       | 1 2 3 4 5 9 10 11 12 13 | 13.0
Dodging        | 1 2 3 4 5 8 9 |  9.0
Fighting       | 4 6 7 8 9 11 12 13 15 17 18 20 21 22 23 | 23.0
Invocations    | 4 7 10 | 10.0
Armour         | 4 5 6 7 11 12 13 14 15 16 18 19 22 | 22.0
Shields        | 7 9 10 11 12 13 14 15 18 20 21 | 21.8

Action                   |  1- 3 |  4- 6 |  7- 9 | 10-12 | 13-15 | 16-18 | 19-21 | 22-24 || total
-------------------------+-------+-------+-------+-------+-------+-------+-------+-------++-------
Melee: War axe           |    91 |    92 |   264 |    30 |   563 |  1160 |  1267 |  1136 ||  4603
       Broad axe         |       |       |       |   334 |   202 |       |       |       ||   536
       Morningstar       |       |       |       |     7 |    55 |       |       |       ||    62
Throw: Javelin           |    11 |    16 |    38 |    60 |    26 |    49 |   123 |    63 ||   386
       Boomerang         |       |       |       |    57 |   139 |    80 |    13 |       ||   289
Invok: Heroism           |       |       |    13 |    31 |    36 |    45 |    43 |    34 ||   202
       Finesse           |       |       |       |     1 |    13 |    17 |     5 |    12 ||    48
  Use: Scroll            |     7 |     6 |     7 |     1 |     9 |     7 |     6 |     4 ||    47
       Potion            |     2 |     6 |     2 |       |     2 |     5 |     1 |     4 ||    22
 Stab: Invisible         |       |       |       |       |    10 |    14 |    12 |    10 ||    46
       Petrified         |       |       |       |       |     1 |       |       |       ||     1
       Distracted        |       |       |       |       |       |       |     1 |     1 ||     2
Armor: Scale mail        |    21 |       |       |    49 |   240 |       |       |       ||   310
       Chain mail        |    23 |    77 |   155 |    54 |    58 |   468 |   515 |   258 ||  1608
       Plate armour      |       |       |       |    39 |       |       |       |       ||    39
       Gold dragon scale |       |       |       |       |       |       |       |   274 ||   274
Dodge: Dodged            |    33 |    53 |    87 |   127 |   377 |   516 |   419 |   446 ||  2058
Block: Buckler           |    17 |    17 |    49 |       |       |       |       |       ||    83
       Kite shield       |       |       |    23 |   202 |   445 |   408 |       |       ||  1078
       Tower shield      |       |       |       |       |       |   255 |  1010 |   988 ||  2253

Table legend:
 A = Non-vault XP
 B = Vault XP
 C = Vault XP percentage of total XP
 D = Non-vault monster count
 E = Vault monster count
 F = Vault count percentage of total count
                 A         B        C        D         E       F
            +---------+---------+-------+---------+---------+-------
      Total |  502206 |  375483 |  42.8 |    1167 |     568 |  32.7
            +---------+---------+-------+---------+---------+-------
        D:1 |      46 |       0 |   0.0 |      27 |       0 |   0.0
        D:2 |      22 |       4 |  15.4 |      12 |       2 |  14.3
        D:3 |      54 |      37 |  40.7 |       7 |       1 |  12.5
        D:4 |     250 |      35 |  12.3 |      19 |       1 |   5.0
        D:5 |     647 |    1171 |  64.4 |      11 |       3 |  21.4
        D:6 |    1206 |     145 |  10.7 |      23 |       6 |  20.7
        D:7 |     983 |     392 |  28.5 |      25 |       1 |   3.8
        D:8 |     966 |    1174 |  54.9 |      29 |       6 |  17.1
        D:9 |    1116 |       0 |   0.0 |      24 |       0 |   0.0
       D:10 |    2918 |    3062 |  51.2 |      17 |       8 |  32.0
       D:11 |    7068 |       0 |   0.0 |      20 |       0 |   0.0
       D:12 |    1581 |     124 |   7.3 |       9 |      12 |  57.1
       D:13 |    3719 |       0 |   0.0 |      14 |       0 |   0.0
       D:14 |   10952 |    1884 |  14.7 |      22 |       5 |  18.5
       D:15 |   14830 |    2722 |  15.5 |      33 |       3 |   8.3
     Lair:1 |    5569 |     433 |   7.2 |      22 |       1 |   4.3
     Lair:2 |   12553 |    2066 |  14.1 |      53 |       4 |   7.0
     Lair:3 |    6154 |    3566 |  36.7 |      19 |       9 |  32.1
     Lair:4 |    5865 |    2755 |  32.0 |      19 |       9 |  32.1
     Lair:5 |   21637 |   15016 |  41.0 |      66 |      34 |  34.0
   Shoals:1 |   14067 |    6401 |  31.3 |      28 |       9 |  24.3
   Shoals:2 |   18959 |    1775 |   8.6 |      35 |       2 |   5.4
   Shoals:3 |   16350 |       0 |   0.0 |      34 |       0 |   0.0
   Shoals:4 |   17330 |   27402 |  61.3 |      34 |      47 |  58.0
   Spider:1 |   14057 |       0 |   0.0 |      40 |       0 |   0.0
   Spider:2 |   15258 |    2212 |  12.7 |      34 |       8 |  19.0
   Spider:3 |   12854 |   12293 |  48.9 |      24 |      27 |  52.9
   Spider:4 |   16988 |   17417 |  50.6 |      36 |      37 |  50.7
      Orc:1 |    1740 |       0 |   0.0 |      25 |       0 |   0.0
      Orc:2 |    2777 |   15861 |  85.1 |      17 |      38 |  69.1
   Vaults:1 |   27652 |   11878 |  30.0 |      46 |      14 |  23.3
   Vaults:2 |   13263 |   33873 |  71.9 |      18 |      41 |  69.5
   Vaults:3 |   19748 |   19090 |  49.2 |      32 |      31 |  49.2
   Vaults:4 |   37068 |   44414 |  54.5 |      55 |      57 |  50.9
   Vaults:5 |     980 |   17180 |  94.6 |       1 |      16 |  94.1
   Depths:1 |   56434 |    2590 |   4.4 |      70 |       5 |   6.7
   Depths:2 |   11238 |   37425 |  76.9 |      15 |      50 |  76.9
   Depths:3 |   37724 |   32268 |  46.1 |      49 |      30 |  38.0
   Depths:4 |   41428 |   58818 |  58.7 |      44 |      51 |  53.7
    Abyss:2 |   12754 |       0 |   0.0 |      21 |       0 |   0.0
    Abyss:3 |   15401 |       0 |   0.0 |      38 |       0 |   0.0
            +---------+---------+-------+---------+---------+-------
